 Dungeon Crawl Stone Soup version 0.23-a0-207-g93a313e (webtiles) character file.

36558961 Petrovich the Archmage (level 27, 193/193 HPs)
             Began as a Deep Elf Fire Elementalist on Sept 21, 2018.
             Was the Champion of Vehumet.
             Escaped with the Orb
             ... and 15 runes on Sept 24, 2018!
             The game lasted 08:36:00 (40360 turns).

Petrovich the Archmage (DEFE)                      Turns: 40360, Time: 08:36:00

Health: 193/193    AC: 17    Str:  7      XL:     27
Magic:  52/56      EV: 35    Int: 38 (41) God:    Vehumet [******]
Gold:   4213       SH: 32    Dex: 31      Spells: 0/80 levels left

rFire    + + +     SeeInvis +   c - staff of conjuration {!a}
rCold    + . .     Gourm    .   H - +18 shield of the Gong {rElec rN+ MR+ EV-5}
rNeg     + + +     Faith    .   L - +2 robe {Archmagi}
rPois    ∞         Spirit   .   s - +2 hat
rElec    +         Reflect  .   p - scarf {cloud immunity}
rCorr    .         Harm     .   w - +1 pair of gloves "Lutrosk" {rC- MR+ Int+2 Dex+8}
MR       +++++     Clarity  +   v - +0 pair of boots "Ifydid" {rF+ Regen+ Str+2 SInv} (curse)
Stlth    ++........             F - amulet "Hebanis" {*Contam rElec Regen+ Stlth+}
HPRegen  1.22/turn              B - ring of Sazo {+Fly rElec rF++ Int+5 Slay-5}
MPRegen  0.35/turn              G - ring of Zusm {*Drain rF+ rC+ Dex+8 Stlth+, =R}

@: lich-form, deflect missiles
A: horns 1, repulsion field 1, rugged brown scales 1, clarity
0: Orb of Zot
}: 15/15 runes: barnacled, slimy, silver, golden, iron, obsidian, icy, bone,
abyssal, demonic, glowing, magical, fiery, dark, gossamer
a: End Transformation, Renounce Religion, Evoke Flight


You escaped.
You worshipped Vehumet.
Vehumet was exalted by your worship.
You were not hungry.
You were a lich.
You visited 18 branches of the dungeon, and saw 90 of its levels.
You visited Pandemonium 1 time, and saw 22 of its levels.
You visited the Abyss 1 time.
You visited 1 bazaar.
You completed 1 ziggurat, and saw 27 of its levels.
You also visited: Ice Cave and Wizlab.

You collected 9586 gold pieces.
You spent 5373 gold pieces at shops.

Inventory:

Hand Weapons
 d - the +4 staff of Dispater
   (You took it off Dispater on level 7 of the Iron City of Dis)
Armour
 p - a scarf of cloud immunity (worn)
 s - a +2 hat (worn)
 v - the cursed +0 pair of boots "Ifydid" (worn) {rF+ Regen+ Str+2 SInv}
   (You found it on level 26 of a ziggurat)

   It affects your strength (+2).
   It protects you from fire.
   It lets you see invisible.
   It increases your rate of regeneration.
   It has a curse placed upon it.
 w - the +1 pair of gloves "Lutrosk" (worn) {rC- MR+ Int+2 Dex+8}
   (You found it on level 3 of the Elven Halls)

   It affects your intelligence (+2).
   It affects your dexterity (+8).
   It makes you vulnerable to cold.
   It affects your resistance to hostile enchantments.
 H - the +18 shield of the Gong (worn) {rElec rN+ MR+ EV-5}
   (You found it on level 26 of a ziggurat)

   It affects your evasion (-5).
   It insulates you from electricity.
   It protects you from negative energy.
   It affects your resistance to hostile enchantments.
 L - a +2 robe of the Archmagi (worn)
Magical Staves
 c - an uncursed staff of conjuration (weapon) {!a}
 e - an uncursed staff of energy {!a}
 r - an uncursed staff of earth {!a}
Jewellery
 a - the ring of Impatience {rElec rPois rC+ MP+9}
   (You found it on level 3 of the Elven Halls)

   [ring of protection from cold]

   It protects you from cold.
   It insulates you from electricity.
   It protects you from poison.
   It affects your magic capacity (+9).
 k - the ring "Toet" {+Blink +Fly rPois Str+6}
   (You found it on level 17 of a ziggurat)

   [ring of flight]

   It affects your strength (+6).
   It protects you from poison.
   It lets you fly.
   It lets you blink.
 B - the ring of Sazo (left hand) {+Fly rElec rF++ Int+5 Slay-5}
   (You bought it in a shop in a bazaar)

   [ring of intelligence]

   It affects your intelligence (+5).
   It affects your accuracy and damage with ranged weapons and melee attacks
   (-5).
   It greatly protects you from fire.
   It insulates you from electricity.
   It lets you fly.
 F - the amulet "Hebanis" (around neck) {*Contam rElec Regen+ Stlth+}
   (You found it on level 3 of the Elven Halls)

   [amulet of regeneration]

   It insulates you from electricity.
   It causes magical contamination when unequipped.
   It increases your rate of regeneration.
   It makes you more stealthy.
 G - the ring of Zusm (right hand) {*Drain rF+ rC+ Dex+8 Stlth+, =R}
   (You found it on level 5 of the Pits of Slime)

   [ring of protection from cold]

   It affects your dexterity (+8).
   It protects you from fire.
   It protects you from cold.
   It causes draining when unequipped.
   It makes you more stealthy.
Wands
 f - a wand of clouds (15)
 o - a wand of iceblast (29)
 N - a wand of digging (11)
 Y - a wand of acid (33)
Scrolls
 b - 13 scrolls of blinking
 i - 2 scrolls of identify
 n - 2 scrolls of holy word {!r}
 z - 6 scrolls of amnesia
 O - 23 scrolls of fog
 R - 22 scrolls of remove curse
 T - 11 scrolls of teleportation
Potions
 g - 10 potions of ambrosia
 j - 18 potions of heal wounds
 m - a potion of magic
 q - 7 potions of mutation {!q}
 t - a potion of cancellation
 u - 3 potions of flight
 y - 4 potions of invisibility
 A - 12 potions of haste
 C - 26 potions of curing
 D - 6 potions of agility
 I - 7 potions of brilliance
 P - 5 potions of resistance
Miscellaneous
 h - 13 sacks of spiders
 l - a phial of floods
 E - a crystal ball of energy
 J - 15 boxes of beasts
 Q - the horn of Geryon
 S - 2 +1 figurines of a ziggurat
 V - a lightning rod (4/4)
 W - a fan of gales
 Z - 17 phantom mirrors
Comestibles
 x - 77 rations


   Skills:
 + Level 23.4 Fighting
 + Level 8.6 Armour
 - Level 24.0 Dodging
 - Level 2.4 Stealth
 - Level 15.0 Shields
 O Level 27 Spellcasting
 O Level 27 Conjurations
 - Level 15.0 Charms
 - Level 15.1 Summonings
 - Level 22.0 Necromancy
 - Level 5.0 Translocations
 - Level 17.0 Transmutations
 - Level 20.0 Fire Magic
 - Level 20.0 Ice Magic
 O Level 27 Earth Magic
 O Level 27 Evocations


You couldn't memorise any spells.
You knew the following spells:

 Your Spells              Type           Power        Failure   Level  Hunger
a - Apportation           Tloc           ######       1%          1    N/A
g - Glaciate              Conj/Ice       #########.   1%          9    N/A
h - Regeneration          Chrm/Necr      #########.   0%          3    N/A
p - Passage of Golubria   Tloc           N/A          1%          4    N/A
s - Lehudib's Crystal Sp  Conj/Erth      #########.   1%          8    N/A
u - Force Lance           Conj/Tloc      ########     0%          4    N/A
w - Passwall              Tmut/Erth      ########     0%          2    N/A
B - Blink                 Tloc           N/A          1%          2    N/A
D - Death's Door          Chrm/Necr      #########.   1%          8    N/A
F - Fire Storm            Conj/Fire      #########.   1%          9    N/A
J - Aura of Abjuration    Summ           ########..   1%          5    N/A
L - Sublimation of Blood  Necr           #########.   0%          2    N/A
M - Deflect Missiles      Chrm/Air       ########..   2%          6    N/A
N - Necromutation         Tmut/Necr      #########.   1%          8    N/A
Q - Shatter               Erth           #########.   1%          9    N/A

Your spell library contained the following spells:

 Spells                   Type           Power        Failure   Level  Hunger
 Animate Skeleton         Necr           N/A          0%          1    N/A
 Beastly Appendage        Tmut           ######       0%          1    N/A
 Flame Tongue             Conj/Fire      #####        0%          1    N/A
 Freeze                   Ice            ####         0%          1    N/A
 Infusion                 Chrm           ####         0%          1    N/A
 Magic Dart               Conj           ####         0%          1    N/A
 Pain                     Necr           ####         0%          1    N/A
 Sandblast                Erth           ######       0%          1    N/A
 Shock                    Conj/Air       ####         0%          1    N/A
 Sting                    Conj/Pois      ####         0%          1    N/A
 Summon Butterflies       Summ           ########     0%          1    N/A
 Summon Small Mammal      Summ           ####         0%          1    N/A
 Call Imp                 Summ           ########     0%          2    N/A
 Corpse Rot               Necr           N/A          0%          2    N/A
 Ensorcelled Hibernation  Hex/Ice        ######       0%          2    N/A
 Searing Ray              Conj           ######       0%          2    N/A
 Shroud of Golubria       Chrm/Tloc      ########..   0%          2    N/A
 Song of Slaying          Chrm           ########     0%          2    N/A
 Sticks to Snakes         Tmut           ########     0%          2    N/A
 Throw Flame              Conj/Fire      ######       0%          2    N/A
 Throw Frost              Conj/Ice       ######       0%          2    N/A
 Call Canine Familiar     Summ           ########     0%          3    N/A
 Conjure Flame            Conj/Fire      ########     0%          3    N/A
 Dazzling Spray           Conj/Hex       ######       0%          3    N/A
 Ignite Poison            Fire/Tmut/Pois ########     0%          3    N/A
 Inner Flame              Hex/Fire       ########     0%          3    N/A
 Ozocubu's Armour         Chrm/Ice       ########     0%          3    N/A
 Static Discharge         Conj/Air       ########     0%          3    N/A
 Stone Arrow              Conj/Erth      ######       0%          3    N/A
 Vampiric Draining        Necr           #########.   0%          3    N/A
 Animate Dead             Necr           N/A          0%          4    N/A
 Fulminant Prism          Conj/Hex       ########..   0%          4    N/A
 Ice Form                 Ice/Tmut       ########     0%          4    N/A
 Iskenderun's Mystic Bla  Conj           ########     0%          4    N/A
 Leda's Liquefaction      Hex/Erth       ########..   0%          4    N/A
 Petrify                  Tmut/Erth      ########     0%          4    N/A
 Sticky Flame             Conj/Fire      ########     0%          4    N/A
 Summon Ice Beast         Ice/Summ       ########     0%          4    N/A
 Throw Icicle             Conj/Ice       ########     0%          4    N/A
 Agony                    Necr           ########     0%          5    N/A
 Blade Hands              Tmut           ########..   0%          5    N/A
 Bolt of Draining         Conj/Necr      ##########   0%          5    N/A
 Bolt of Magma            Conj/Fire/Erth #########.   0%          5    N/A
 Borgnjor's Vile Clutch   Necr/Erth      #########.   0%          5    N/A
 Dispel Undead            Necr           ########     0%          5    N/A
 Excruciating Wounds      Chrm/Necr      #########.   0%          5    N/A
 Fireball                 Conj/Fire      #########.   0%          5    N/A
 Irradiate                Conj/Tmut      #########.   0%          5    N/A
 Iskenderun's Battlesphe  Conj/Chrm      ########     0%          5    N/A
 Lee's Rapid Deconstruct  Erth           #########.   0%          5    N/A
 Bolt of Cold             Conj/Ice       #########.   0%          6    N/A
 Bolt of Fire             Conj/Fire      #########.   0%          6    N/A
 Death Channel            Necr           #########.   0%          6    N/A
 Iron Shot                Conj/Erth      #########.   0%          6    N/A
 Ozocubu's Refrigeration  Ice            ########..   0%          6    N/A
 Simulacrum               Ice/Necr       #########.   0%          6    N/A
 Statue Form              Tmut/Erth      ########.    0%          6    N/A
 Orb of Destruction       Conj           #########.   0%          7    N/A
 Confusing Touch          Hex            ######       1%          1    N/A
 Corona                   Hex            ######.      1%          1    N/A
 Poisonous Vapours        Pois/Air       ######       1%          2    N/A
 Slow                     Hex            ######..     1%          2    N/A
 Swiftness                Chrm/Air       ########     1%          2    N/A
 Confuse                  Hex            ######..     1%          3    N/A
 Gell's Gravitas          Tloc           #######...   1%          3    N/A
 Lesser Beckoning         Tloc           #######...   1%          3    N/A
 Mephitic Cloud           Conj/Pois/Air  ########     1%          3    N/A
 Portal Projectile        Hex/Tloc       ######       1%          3    N/A
 Recall                   Summ/Tloc      N/A          1%          3    N/A
 Spectral Weapon          Hex/Chrm       ########     1%          3    N/A
 Spider Form              Tmut/Pois      ########..   1%          3    N/A
 Summon Guardian Golem    Hex/Summ       ########     1%          3    N/A
 Teleport Other           Tloc           #######.     1%          3    N/A
 Tukima's Dance           Hex            ######..     1%          3    N/A
 Airstrike                Air            ######....   1%          4    N/A
 Olgreb's Toxic Radiance  Pois           ######..     1%          4    N/A
 Summon Lightning Spire   Summ/Air       ########     1%          4    N/A
 Alistair's Intoxication  Tmut/Pois      ########     1%          5    N/A
 Lightning Bolt           Conj/Air       ########..   1%          5    N/A
 Metabolic Englaciation   Hex/Ice        ########..   1%          5    N/A
 Summon Demon             Summ           ########..   1%          5    N/A
 Summon Forest            Summ/Tloc      ########..   1%          5    N/A
 Summon Mana Viper        Hex/Summ       ########     1%          5    N/A
 Venom Bolt               Conj/Pois      ########..   1%          5    N/A
 Yara's Violent Unravell  Hex/Tmut       ########..   1%          5    N/A
 Conjure Ball Lightning   Conj/Air       ########..   1%          6    N/A
 Freezing Cloud           Conj/Ice/Air   #########.   1%          6    N/A
 Hydra Form               Tmut           ########..   1%          6    N/A
 Poison Arrow             Conj/Pois      ########..   1%          6    N/A
 Shadow Creatures         Summ           N/A          1%          6    N/A
 Dragon Form              Tmut           ########..   1%          7    N/A
 Haunt                    Necr/Summ      #########.   1%          7    N/A
 Monstrous Menagerie      Summ           ########..   1%          7    N/A
 Ring of Flames           Chrm/Fire      ########..   1%          7    N/A
 Spellforged Servitor     Conj/Summ      #########.   1%          7    N/A
 Summon Greater Demon     Summ           ########..   1%          7    N/A
 Summon Hydra             Summ           ########..   1%          7    N/A
 Borgnjor's Revivificati  Necr           #########.   1%          8    N/A
 Ignition                 Fire           ########..   1%          8    N/A
 Infestation              Necr           #########.   1%          8    N/A
 Chain Lightning          Conj/Air       ########..   2%          8    N/A
 Cause Fear               Hex            ######....   3%          4    N/A
 Malign Gateway           Summ/Tloc      ########..   4%          7    N/A
 Summon Horrible Things   Summ           ########..   4%          8    N/A
 Dispersal                Tloc           #######...   7%          6    N/A
 Silence                  Hex/Air        ######....   10%         5    N/A
 Darkness                 Hex            ######....   47%         6    N/A
 Invisibility             Hex            ######..     47%         6    N/A
 Dragon's Call            Summ           ########..   58%         9    N/A
 Controlled Blink         Tloc           N/A          96%         8    N/A
 Disjunction              Tloc           #######...   96%         8    N/A
 Discord                  Hex            ######....   100%        8    N/A
 Tornado                  Air            ######....   100%        9    N/A

Dungeon Overview and Level Annotations

Branches:
Dungeon (15/15)            Temple (1/1) D:7            Lair (6/6) D:10
 Shoals (4/4) Lair:2       Spider (4/4) Lair:4        Slime (5/5) Lair:5
    Orc (2/2) D:11            Elf (3/3) Orc:2        Vaults (5/5) D:13
  Crypt (3/3) Vaults:3       Tomb (3/3) Crypt:3      Depths (5/5) D:15
   Hell (1/1)                 Dis (7/7) Hell            Geh (7/7) Hell
    Coc (7/7) Hell            Tar (7/7) Hell            Zot (5/5) Depths:5

Altars:
Ashenzari
Cheibriados
Dithmenos
Elyvilon
Fedhas
Gozag
Hepliaklqana
Kikubaaqudgha
Makhleb
Nemelex Xobeh
Okawaru
Qazlal
Ru
Sif Muna
Trog
Uskayaw
Vehumet
Wu Jian
Xom
Yredelemnul
Zin
The Shining One
Beogh

Shops:
D:5 %   D:7 [   Orc:2 =(*[*   Shoals:1 [   Shoals:3 !![   Depths:2 [
Depths:4 ?

Portals:
Hell: Depths:3 Depths:4 Depths:5
Abyss: Depths:4 Depths:5
Pandemonium: Depths:3 Depths:4 Depths:5

Annotations:
D:3 1 runed door, Grinder; galech's ghost, amateur DsFi
D:5 some vault
D:8 exclusions: centaur and orc warrior


Innate Abilities, Weirdness & Mutations

You have a pair of small horns on your head.
You are surrounded by a mild repulsion field. (EV +2)
You are partially covered in rugged brown scales. (AC +1, +3% HP)
You possess an exceptional clarity of mind.


Message History

Press: ? - help, Shift-Dir - straight line, f - you Please select a direction to dig.
A stone staircase leading down.
This square is covered in magical glow.
The rock shatters into small pieces.
There is a stone staircase leading up here.
You climb upwards.
You found a teleport trap!
There is a stone staircase leading down here.
An ice devil comes into view.
There is a staircase leading out of the dungeon here.
Casting: Passwall (safe; 0% risk of failure)
Confirm with . or Enter, or press ? or * to list all spells.
Aiming: Lehudib's Crystal Spear (safe; 1% risk of failure)
Press: ? - help, Shift-Dir - straight line, f - ice devil
Aim: an ice devil You feel a strong surge of power!
The crystal spear hits the ice devil.
You kill the ice devil!
Vehumet accepts your kill.
You feel your power returning.
There is a staircase leading out of the dungeon here.
You have escaped!

....## #..#.........##.....####.
.#..# #....#######..####.#...##
.#..#####...##.....##..###.#...##
...........#'.......##..........#
..........##.........+####.#....#
.#...######...........## #.#....#
.#...#####.............# #.......
.......##..............###.####..
................L..........# ##.
.......##..............##..# #.
........+#.............# .######
####.....##...........## .......
# #....####.........+# ..##### #
#....# ##.......## .#####
.......... ##.....## ......
####....##. ####### .##### ...##
####


There were no monsters in sight!

Vanquished Creatures
  Cerebov (Pan)
  Antaeus (Coc:7)
  the Royal Jelly (Slime:5)
  Asmodeus (Geh:7)
  Gloorx Vloq (Pan)
  Ereshkigal (Tar:7)
  A seraph (Pan)
  Mnoleg (Pan)
  the Serpent of Hell (Coc:7)
  Lom Lobon (Pan)
  Dispater (Dis:7)
  3 orbs of fire (Zot:5)
  Mara (Vaults:3)
  15 ancient liches
  4 juggernauts
  29 greater mummies
  Sojobo (Depths:1)
  Boris (Vaults:2)
  9 pandemonium lords
  21 shard shrikes
  Saint Roka (Depths:2)
  A Killer Klown (Zot:5)
  7 caustic shrikes
  13 golden dragons
  Arachne (Spider:2)
  8 doom hounds
  Nikola (Vaults:2)
  11 bone dragons
  8 Tzitzimimeh
  An electric golem (Zot:5)
  10 Brimstone Fiends
  17 tentacled monstrosities
  2 pearl dragons (Pan)
  12 liches
  A hellephant (Abyss:5)
  Asterion (Vaults:1)
  16 Orb Guardians
  6 Hell Sentinels (Dis:7)
  Rupert (D:14)
  25 Ice Fiends
  4 iron giants
  11 quicksilver dragons
  A death cob (Zot:1)
  5 deep elf blademasters (Elf:3)
  28 acid blobs
  18 ancient champions
  5 titans
  14 Executioners
  5 deep elf master archers
  A thorn hunter (Zig:9)
  4 tentacled starspawn
  3 sphinxes
  9 tengu reavers
  24 storm dragons
  An eldritch tentacle (Coc:7)
  3 warmongers (Pan)
  7 draconian monks
  3 daevas
  8 revenants
  11 nagarajas
  3 blood saints (Pan)
  24 shadow dragons
  Ilsuiw (Shoals:3)
  18 azure jellies
  25 frost giants
  17 ghost moths
  8 deep elf sorcerers
  11 draconian knights
  17 iron dragons
  3 orc warlords
  10 fire giants
  8 emperor scorpions
  7 draconian annihilators
  5 ghouls
  13 vault wardens
  7 curse skulls
  16 cacodemons
  2 juggernaut zombies
  34 balrugs
  5 draconian scorchers
  A deep elf elementalist (Depths:5)
  8 ironheart preservers
  6 elemental wellsprings
  45 reapers
  4 draconian shifters
  18 war gargoyles
  11 angels
  19 very ugly things
  2 caustic shrike skeletons
  8 ophanim (Pan)
  2 draconian stormcallers (Zig:14)
  22 stone giants
  12 entropy weavers
  9 apis (Pan)
  6 corrupters
  5 green draconians
  15 vampire knights
  4 starcursed masses
  2 juggernaut skeletons (Zig:20)
  2 black suns
  16 deep elf annihilators
  5 black draconians
  3 deep elf demonologists
  8 lorocyprocas
  2 white draconians (Zot:1)
  6 bennus
  14 purple draconians
  2 dire elephants
  4 yellow draconians
  5 red draconians
  13 spark wasps
  7 eidola
  35 blizzard demons
  Snorg (D:13)
  12 statues
  9 ettins
  12 deep elf death magi
  Josephine (Orc:1)
  25 green deaths
  25 merfolk impalers
  34 mummy priests
  4 deep elf high priests
  15 merfolk javelineers
  17 ogre magi
  3 kraken zombies
  36 fire dragons
  7 quicksilver dragon zombies
  10 death oozes
  7 jiangshi
  15 great orbs of eyes
  11 yaktaur captains
  Harold (Orc:1)
  30 vault guards
  9 quicksilver dragon skeletons
  33 ice dragons
  A catoblepas (Lair:6)
  5 rakshasas
  16 spriggan air magi
  A naga warrior (Zig:16)
  A juggernaut simulacrum (Depths:2)
  21 hydras
  7 merfolk avatars
  8 monstrous demonspawn (Pan)
  6 shambling mangroves
  34 two-headed ogres
  10 centaur warriors
  12 merfolk aquamancers
  A queen ant (Spider:2)
  3 death knights
  3 death yaks (Lair:6)
  35 death scarabs
  6 alligators (Zig:10)
  3 ghost crabs
  4 alligator snapping turtles
  9 satyrs
  22 dancing weapons
  3 thrashing horrors
  2 anacondas (Zig:16)
  11 deep troll earth magi
  6 tengu warriors
  11 vampire magi
  17 hell hogs
  9 deep troll shamans
  37 sun demons
  Urug (Orc:1)
  6 titan zombies
  8 small abominations
  5 spriggan berserkers
  3 storm dragon zombies
  Sonja (Orc:1)
  4 orc high priests (Orc:2)
  4 shock serpents (Zig:16)
  17 deep elf knights
  4 naga sharpshooters (Zig:16)
  2 iron trolls
  4 iron golems
  6 spriggans
  7 wretched stars
  77 hell knights
  138 skeletal warriors
  6 titan skeletons
  5 storm dragon skeletons
  15 death drakes
  19 sixfirhies
  2 salamander mystics (Depths:5)
  20 soul eaters
  2 spatial maelstroms (Zig:15)
  4 unseen horrors
  9 golden dragon zombies
  20 sea snakes
  15 shadow wraiths
  32 deep trolls
  10 anaconda zombies
  9 cherubim (Pan)
  3 spriggan druids
  5 infernal demonspawn (Pan)
  15 shadow demons
  12 flayed ghosts
  11 wizards
  A death drake (shapeshifter) (Vaults:5)
  4 gelid demonspawn (Pan)
  7 glowing orange brains
  An obsidian statue (Zig:9)
  6 torturous demonspawn (Pan)
  2 ghost moth zombies
  A kraken simulacrum (Hell)
  32 swamp dragons
  A naga ritualist (Zig:16)
  31 harpies
  5 shadow dragon zombies
  3 tengu zombies
  9 ironbrand convokers
  13 phantasmal warriors
  15 deep elf archers
  A lindwurm (shapeshifter) (Zig:8)
  4 golden dragon skeletons
  11 wolf spider zombies
  43 ugly things
  12 orc knights
  2 anaconda skeletons
  2 spectral ettins (Tar:4)
  36 wolf spiders
  Pikel (D:8)
  73 deep elf magi
  2 lindwurms (Lair:6)
  25 necromancers
  4 fire giant zombies
  2 mana vipers (shapeshifter)
  17 fauns
  10 orc sorcerers
  30 orb spiders
  An orb spider (shapeshifter) (Depths:2)
  8 shadow dragon skeletons
  4 sphinx skeletons
  2 mana vipers (Zig:16)
  5 iron dragon zombies
  4 stone giant zombies
  A glowing shapeshifter (Zig:8)
  17 shining eyes
  6 oklob plants (Zig:7)
  8 frost giant zombies
  12 cyclopes
  A stone giant skeleton (Geh:4)
  10 salamanders
  6 worldbinders
  22 manticores
  5 frost giant skeletons
  14 elephants
  3 moths of wrath
  19 merfolk sirens
  3 apocalypse crabs (Abyss:5)
  2 shock serpent zombies
  7 fire giant skeletons
  8 ice statues
  37 rust devils
  7 naga magi
  24 smoke demons
  An iron dragon skeleton (Zig:23)
  8 eyes of devastation
  4 vault sentinels
  4 dire elephant zombies
  9 black mambas
  8 molten gargoyles
  14 spiny frogs
  30 water nymphs
  A water nymph (shapeshifter) (Vaults:5)
  14 orange demons
  6 torpor snails
  Psyche (D:11)
  A shock serpent skeleton (Dis:1)
  2 guardian serpents (Zig:16)
  8 elf zombies
  22 hellions
  An emperor scorpion zombie (Hell)
  4 gargoyles (Crypt:3)
  8 komodo dragons
  46 yaktaurs
  A dire elephant skeleton (Coc:1)
  35 tormentors
  25 rime drakes
  25 demonic crawlers
  9 efreet
  37 freezing wraiths
  7 ancient zymes
  5 anaconda simulacra
  54 ice devils
  7 elf skeletons
  10 hellwings
  A redback zombie (D:15)
  A queen bee (shapeshifter) (Depths:1)
  56 red devils
  3 tengu conjurers
  10 trolls
  9 human skeletons
  5 harpy zombies
  66 merfolk
  A meliai (Zig:18)
  4 tyrant leeches
  47 guardian mummies
  44 jumping spiders
  A troll (shapeshifter) (Vaults:5)
  3 silent spectres (Tar:3)
  A meliai (shapeshifter) (Vaults:5)
  A polar bear (Lair:6)
  8 hydra zombies
  5 bog bodies
  7 blink frogs
  23 hornets
  106 slime creatures
  12 hydra skeletons
  2 harpy skeletons
  32 wind drakes
  4 fire dragon zombies
  A frost giant simulacrum (Depths:1)
  5 alligator zombies
  4 ettin zombies
  12 hippogriffs
  34 large abominations
  17 snapping turtles
  9 dream sheep
  8 raiju
  A wind drake (shapeshifter) (D:15)
  3 ice dragon zombies
  2 alligator skeletons
  129 flying skulls
  An ice dragon skeleton (Coc:7)
  2 spriggan zombies
  10 air elementals
  5 ettin skeletons
  33 shadows
  7 fire dragon skeletons
  3 black mamba zombies
  99 redbacks
  22 ushabtiu
  37 tarantellas
  6 wyverns
  23 ynoxinuls
  A basilisk (Lair:6)
  37 wraiths
  31 yaks
  30 fire elementals
  3 dire elephant simulacra
  A basilisk (shapeshifter) (Vaults:3)
  A fire bat (shapeshifter) (D:15)
  9 hungry ghosts
  A vampire (Crypt:3)
  48 water elementals
  5 golden eyes (Slime:1)
  A black mamba skeleton (Geh:6)
  5 vampire mosquitoes
  A harpy simulacrum (IceCv)
  14 chaos spawn
  15 steam dragons
  3 spriggan simulacra
  A faun zombie (Crypt:2)
  20 soldier ants
  2 nagas (Zig:16)
  4 wargs
  16 acid dragons
  2 insubstantial wisps (Zig:22)
  An iron troll simulacrum (IceCv)
  A merfolk zombie (Dis:7)
  24 neqoxecs
  10 spiny frog zombies
  A swamp worm (shapeshifter) (Vaults:5)
  15 water moccasins
  3 hydra simulacra
  A floating eye (shapeshifter) (Depths:1)
  A porcupine (shapeshifter) (Abyss:5)
  44 hell hounds
  3 floating eyes
  4 porcupines
  3 tengu skeletons
  2 alligator simulacra (Hell)
  An ice dragon simulacrum (Depths:1)
  56 orc warriors
  3 black bears
  4 spiny frog skeletons
  24 swamp drakes
  14 ice beasts
  5 elf simulacra (Zig:25)
  An ettin simulacrum (Depths:1)
  A fire dragon simulacrum (Depths:1)
  2 slaves (D:8)
  17 necrophages
  11 phantoms
  A black bear (shapeshifter) (Vaults:5)
  2 snapping turtle zombies (Coc:1)
  26 ogres
  A swamp dragon zombie (Crypt:2)
  13 eyes of draining
  A snapping turtle skeleton (Crypt:3)
  31 wolves
  21 centaurs
  4 manticore skeletons
  11 crocodiles
  A big kobold (D:7)
  13 bullfrogs
  A glowing shapeshifter simulacrum (Zig:25)
  5 earth elementals
  A wyvern skeleton (D:13)
  4 scorpions
  11 killer bees
  70 wights
  2 howler monkeys (D:9)
  5 electric eels
  6 spriggan skeletons
  11 crimson imps
  A human zombie (Dis:4)
  3 centaur zombies
  A lava snake (Lair:4)
  7 hounds
  2 quasits (Depths:4)
  17 jellies
  8 centaur skeletons
  A human simulacrum (Vaults:2)
  37 orc wizards
  26 orc priests
  4 bullfrog skeletons
  3 iguanas
  19 iron imps
  Natasha (twice) (D:2)
  6 hell rats (Hell)
  34 worker ants
  A deep dwarf zombie (Crypt:2)
  A naga zombie (Hell)
  2 hound skeletons
  80 mummies
  A worker ant zombie (D:9)
  11 adders
  13 shadow imps
  32 white imps
  3 ufetubi
  5 oozes
  An adder skeleton (D:5)
  4 worms
  A ball lightning (Zot:5)
  2 dart slugs (D:1)
  3 leopard geckos
  91 orcs
  2 giant cockroaches
  2 goblins (D:2)
  A hobgoblin (D:1)
  2 jackals (D:2)
  4 quokkas
  8 bats
  5 frilled lizards
  A giant cockroach zombie (D:5)
  2 kobolds (D:7)
  12 rats
  30 blocks of ice
  7 bushes (Zig:25)
  2 crawling corpses (Zig:19)
  320 fire vortices
  3 lurking horrors
  21 plants
  3 tentacles (Coc:7)
  47 withered plants (Crypt:3)
5692 creatures vanquished.

Vanquished Creatures (collateral kills)
  Frederick (Depths:4)
  A caustic shrike (Depths:2)
  Geryon (Hell)
  A Tzitzimitl (Pan)
  2 Ice Fiends
  A deep elf blademaster (Elf:3)
  2 acid blobs (Slime:5)
  An Executioner (Pan)
  A tentacled starspawn (Zig:15)
  An ancient champion (Dis:7)
  A nagaraja (Zig:11)
  An azure jelly (Slime:5)
  3 frost giants
  A draconian knight (Zig:25)
  A blood saint (Pan)
  A deep elf elementalist (Elf:3)
  A reaper (Dis:7)
  A spark wasp (Depths:5)
  A statue (Depths:4)
  An ettin (Depths:3)
  A death ooze (Slime:5)
  2 fire dragons
  3 merfolk impalers
  A hydra (Zig:22)
  An ogre mage (Depths:1)
  An ice dragon (Depths:1)
  A merfolk avatar (Shoals:4)
  A merfolk aquamancer (Shoals:4)
  2 soul eaters
  A golden dragon zombie (Tar:3)
  An iron troll (Depths:1)
  A death drake (Zig:24)
  3 sea snakes
  A swamp dragon (Zig:24)
  A wizard (Depths:4)
  A naga ritualist (Zig:16)
  A harpy (Shoals:4)
  A deep elf mage (WizLab)
  A shadow dragon skeleton (Zig:23)
  A wolf spider (Spider:2)
  A manticore (Shoals:4)
  2 cyclopes (Shoals:3)
  A black mamba (Zig:16)
  4 merfolk sirens (Shoals:4)
  A stone giant skeleton (Depths:1)
  A water nymph (Shoals:4)
  2 orange demons (Pan)
  A yaktaur (Depths:1)
  2 rime drakes
  A jumping spider (Spider:2)
  3 ice devils (IceCv)
  12 merfolk
  An ice dragon zombie (Hell)
  A frost giant simulacrum (Depths:1)
  6 snapping turtles
  A shadow (Tar:7)
  A golden eye (Pan)
  A chaos spawn (Pan)
  2 steam dragons
  A floating eye (Pan)
  An eye of draining (Pan)
  2 howler monkeys (D:9)
  2 wights
  A human zombie (Hell)
  2 starcursed masses (Abyss:4)
  An orc priest (Orc:2)
  An iron imp (Dis:7)
  A small abomination (Abyss:2)
  2 mummies (Zig:20)
  2 white imps (Coc:7)
  An ooze (Depths:4)
  A block of ice (Pan)
  2 plants
114 creatures vanquished.

Vanquished Creatures (others)
  A titan (Pan)
  An eldritch tentacle (Tar:3)
  A deep elf annihilator (Depths:4)
  A quicksilver dragon skeleton (Geh:7)
  A death scarab (Tomb:3)
  An anaconda zombie (Tomb:2)
  A shadow dragon zombie (Zig:23)
  A hellion (Geh:7)
  A guardian mummy (Tomb:2)
  A red devil (Pan)
  An ettin zombie (Tomb:2)
  8 flying skulls (Tomb:2)
  A merfolk zombie (Tomb:2)
  A killer bee (D:8)
  A ball lightning (Zot:5)
  A kobold zombie (Geh:7)
  An orc skeleton (Geh:7)
  73 blocks of ice
  A bush (Zig:25)
  975 fire vortices
  19 fungi (Lair:6)
  A lost soul (Tar:4)
  30 plants
  17 tentacles
1140 creatures vanquished.

Grand Total: 6946 creatures vanquished

Notes
Turn   | Place    | Note
-------+----------+-------------------------------------------
     0 | D:1      | Petrovich the Deep Elf Fire Elementalist began the quest
                  | for the Orb.
     0 | D:1      | Reached XP level 1. HP: 10/10 MP: 6/6
   241 | D:2      | Reached XP level 2. HP: 15/15 MP: 4/8
   491 | D:2      | Noticed Natasha
   499 | D:2      | Killed Natasha
   499 | D:2      | Reached XP level 3. HP: 7/19 MP: 2/10
   510 | D:2      | Learned a level 3 spell: Conjure Flame
   766 | D:2      | Reached XP level 4. HP: 24/24 MP: 8/11
   784 | D:3      | Noticed Grinder
   797 | D:2      | Found a basalt altar of Yredelemnul.
   961 | D:2      | Noticed Natasha
   979 | D:2      | Killed Natasha
  1223 | D:3      | Learned a level 4 spell: Sticky Flame
  1265 | D:3      | Found a runed door.
  1267 | D:3      | Noticed galech's ghost (amateur DsFi)
  1344 | D:4      | Reached XP level 5. HP: 23/28 MP: 8/13
  1453 | D:4      | Found the +10 Black Knight's horse barding {ponderous,
                  | rPois rN+}
  1723 | D:4      | Found an iron altar of Okawaru.
  2110 | D:5      | Entered Level 5 of the Dungeon
  2244 | D:5      | Reached XP level 6. HP: 29/32 MP: 11/15
  2258 | D:5      | Found Veclonump's Food Shop.
  2311 | D:6      | Reached skill level 5 in Spellcasting
  2322 | D:6      | Reached skill level 5 in Conjurations
  2561 | D:6      | Reached skill level 5 in Fire Magic
  2617 | D:6      | Learned a level 5 spell: Fireball
  2632 | D:6      | Reached XP level 7. HP: 26/36 MP: 8/17
  2688 | D:6      | Found a shimmering altar of Xom.
  2823 | D:7      | Found Lutsohie's Armour Shop.
  2873 | D:7      | Found a staircase to the Ecumenical Temple.
  2883 | Temple   | Entered the Ecumenical Temple
  3106 | D:7      | Found an ancient bone altar of Kikubaaqudgha.
  3110 | D:7      | Found a deep blue altar of Sif Muna.
  3112 | D:7      | Found a radiant altar of Vehumet.
  3117 | D:7      | Identified Vehumet's Almanac of Conjuration
  3120 | D:7      | Became a worshipper of Vehumet
  3178 | D:7      | Found a hazy altar of Hepliaklqana.
  3178 | D:7      | Found a hide-covered altar of Uskayaw.
  3257 | D:7      | Reached XP level 8. HP: 41/41 MP: 14/20
  3307 | D:7      | Found an ornate altar of the Wu Jian Council.
  3459 | D:7      | Got an iridescent rapier
  3591 | D:9      | Found a shattered altar of Ashenzari.
  3702 | D:8      | Noticed Pikel
  3719 | D:8      | Killed Pikel
  3719 | D:8      | Reached skill level 1 in Fighting
  3719 | D:8      | Reached XP level 9. HP: 38/47 MP: 4/23
  3742 | D:8      | Identified the +7 rapier of Success {pain, rN+ Str+4} (You
                  | found it on level 7 of the Dungeon)
  3796 | D:8      | Reached * piety under Vehumet
  3796 | D:8      | Offered knowledge of Freeze by Vehumet.
  3877 | D:9      | Reached skill level 10 in Conjurations
  4092 | D:9      | Noticed a two-headed ogre
  4144 | D:9      | Killed a two-headed ogre
  4144 | D:9      | Reached skill level 5 in Dodging
  4144 | D:9      | Reached XP level 10. HP: 56/56 MP: 0/25
  4286 | D:10     | Entered Level 10 of the Dungeon
  4316 | D:10     | Noticed a two-headed ogre
  4534 | D:10     | Reached skill level 10 in Spellcasting
  4616 | D:10     | Found a staircase to the Lair.
  4788 | D:11     | Reached ** piety under Vehumet
  4789 | D:11     | Offered knowledge of Throw Frost by Vehumet.
  5026 | D:11     | Noticed a cyan ugly thing
  5038 | D:11     | Killed a cyan ugly thing
  5120 | D:11     | Noticed Psyche
  5126 | D:11     | Killed Psyche
  5336 | D:11     | Reached XP level 11. HP: 62/62 MP: 12/27
  5338 | D:11     | Offered knowledge of Ignite Poison by Vehumet.
  5403 | D:11     | Found a staircase to the Orcish Mines.
  5544 | D:12     | Reached *** piety under Vehumet
  5689 | D:12     | Killed an unseen horror
  5863 | D:11     | Reached skill level 5 in Fighting
  5865 | D:11     | Offered knowledge of Fulminant Prism by Vehumet.
  5875 | D:11     | Noticed an unseen horror
  5878 | D:11     | Killed an unseen horror
  6386 | D:13     | Noticed a tengu warrior
  6447 | D:13     | Noticed a four-headed hydra
  6453 | D:13     | Killed a four-headed hydra
  6565 | D:13     | Noticed a tengu warrior
  6747 | D:13     | You fall through a shaft for 2 floors!
  6747 | D:15     | Entered Level 15 of the Dungeon
  6891 | D:15     | Noticed an orb spider
  6952 | D:15     | Reached **** piety under Vehumet
  7000 | D:15     | Got a spiked ring mail
  7003 | D:15     | Offered knowledge of Airstrike by Vehumet.
  7143 | D:14     | Noticed a seven-headed hydra
  7175 | D:14     | Found a shadowy altar of Dithmenos.
  7207 | D:14     | Killed an unseen horror
  7207 | D:14     | Reached XP level 12. HP: 25/68 MP: 23/30
  7279 | D:14     | Noticed Rupert
  7280 | D:14     | Paralysed by Rupert for 4 turns
  7304 | D:13     | Killed a tengu warrior
  7552 | D:14     | Killed a seven-headed hydra
  7568 | D:14     | Identified the +3 ring mail of Watchfulness {Dex+5} (You
                  | found it on level 15 of the Dungeon)
  7640 | D:13     | Reached skill level 15 in Conjurations
  7711 | D:13     | Killed a tengu warrior
  8008 | D:13     | Reached skill level 1 in Shields
  8008 | D:13     | Noticed a vault guard
  8021 | D:13     | Killed a vault guard
  8033 | D:13     | Found a gate to the Vaults.
  8209 | D:14     | Noticed Snorg
  8592 | D:14     | Noticed a tengu warrior
  8598 | D:14     | Killed a tengu warrior
  8955 | Orc:1    | Entered Level 1 of the Orcish Mines
  8955 | Orc:1    | Noticed Harold
  8959 | Orc:1    | Killed Harold
  9035 | Orc:1    | Noticed an orc warlord
  9048 | Orc:1    | Reached XP level 13. HP: 72/72 MP: 19/33
  9066 | Orc:1    | Reached ***** piety under Vehumet
  9067 | Orc:1    | Killed an orc warlord
  9157 | Orc:1    | Offered knowledge of Iskenderun's Battlesphere by Vehumet.
  9170 | D:11     | Learned a level 5 spell: Iskenderun's Battlesphere
  9268 | Orc:1    | Noticed Urug
  9272 | Orc:1    | Killed Urug
  9410 | Orc:1    | Noticed Sonja
  9412 | Orc:1    | Killed Sonja
  9418 | Orc:1    | Noticed a stone giant
  9428 | Orc:1    | Killed a stone giant
  9686 | Orc:1    | Noticed Josephine
  9692 | Orc:1    | Killed Josephine
  9853 | Orc:2    | Entered Level 2 of the Orcish Mines
  9853 | Orc:2    | Found a staircase to the Elven Halls.
  9932 | Orc:1    | Noticed an orc warlord
  9942 | Orc:1    | Killed an orc warlord
  9942 | Orc:1    | Reached skill level 15 in Spellcasting
 10265 | Orc:2    | Found Todgh's General Store.
 10275 | Orc:2    | Bought a potion of haste for 100 gold pieces
 10417 | Orc:2    | Offered knowledge of Bolt of Draining by Vehumet.
 10600 | Orc:2    | Noticed an orc warlord
 10779 | Orc:2    | Found a roughly hewn altar of Beogh.
 10869 | Orc:2    | Killed an orc warlord
 11307 | Orc:2    | Reached XP level 14. HP: 78/78 MP: 9/35
 11467 | Orc:2    | Found Apiuly's Antique Armour Shop.
 11468 | Orc:2    | Found Duyvuczo's Antique Weapon Shop.
 11469 | Orc:2    | Found Iris's General Store.
 11469 | Orc:2    | Found Tilaihau's Jewellery Boutique.
 11484 | Orc:2    | Bought a cursed amulet of inaccuracy for 28 gold pieces
 11503 | Orc:2    | Bought a scroll of immolation for 63 gold pieces
 11503 | Orc:2    | Bought a scroll of identify for 36 gold pieces
 11503 | Orc:2    | Bought a scroll of teleportation for 54 gold pieces
 11542 | Orc:2    | Bought a scroll of blinking for 75 gold pieces
 11542 | Orc:2    | Bought 2 potions of curing for 60 gold pieces
 11734 | Lair:1   | Entered Level 1 of the Lair of Beasts
 12305 | Lair:3   | Got an iridescent falchion
 12317 | Lair:3   | Identified the cursed +0 falchion of Light {elec, Fragile
                  | +Fly Str+6 Dex-5} (You found it on level 3 of the Lair of
                  | Beasts)
 12625 | Lair:4   | Found a hole to the Spider Nest.
 13107 | Lair:5   | Found a staircase to the Slime Pits.
 13112 | Lair:5   | Reached ****** piety under Vehumet
 13396 | Lair:6   | Entered Level 6 of the Lair of Beasts
 13674 | Lair:6   | Offered knowledge of Lee's Rapid Deconstruction by Vehumet.
 15046 | Lair:6   | Reached XP level 15. HP: 82/82 MP: 23/38
 15750 | Lair:2   | Found a staircase to the Shoals.
 15948 | Lair:3   | Identified 2 scrolls of acquirement
 15961 | Lair:3   | Learned a level 7 spell: Spellforged Servitor
 15969 | Lair:3   | Learned a level 7 spell: Orb of Destruction
 15976 | Lair:3   | Learned a level 6 spell: Iron Shot
 16164 | Lair:5   | Offered knowledge of Lightning Bolt by Vehumet.
 16273 | Lair:4   | Learned a level 1 spell: Animate Skeleton
 16275 | Lair:4   | Learned a level 1 spell: Apportation
 16276 | Spider:1 | Entered Level 1 of the Spider Nest
 16402 | Shoals:1 | Entered Level 1 of the Shoals
 16403 | Shoals:1 | Found Qougum's Antique Armour Shop.
 16418 | Shoals:1 | Bought a pair of runed boots for 262 gold pieces
 16418 | Shoals:1 | Bought a pair of polished boots for 332 gold pieces
 16454 | Shoals:1 | Identified the +2 pair of boots of the Nexus {Int+3 Slay+5}
                  | (You bought it in a shop on level 1 of the Shoals)
 16868 | Shoals:2 | Noticed a kraken
 17549 | Shoals:3 | Found Nuopuidd's Distillery.
 17586 | Shoals:2 | Learned a level 3 spell: Regeneration
 17634 | Shoals:2 | Offered knowledge of Ozocubu's Refrigeration by Vehumet.
 17683 | Shoals:3 | Noticed Ilsuiw
 17764 | Shoals:3 | Bought a potion of magic for 120 gold pieces
 17764 | Shoals:3 | Bought a potion of invisibility for 120 gold pieces
 17764 | Shoals:3 | Bought a potion of curing for 45 gold pieces
 17764 | Shoals:3 | Bought a potion of flight for 45 gold pieces
 17764 | Shoals:3 | Bought 2 potions of curing for 90 gold pieces
 17764 | Shoals:3 | Bought a potion of ambrosia for 120 gold pieces
 17764 | Shoals:3 | Bought a potion of curing for 45 gold pieces
 17940 | Shoals:3 | Found Tocuh's Distillery.
 17945 | Shoals:3 | Reached XP level 16. HP: 83/87 MP: 29/41
 17955 | Shoals:3 | Bought a potion of flight for 42 gold pieces
 17955 | Shoals:3 | Bought a potion of heal wounds for 70 gold pieces
 17955 | Shoals:3 | Bought a potion of heal wounds for 70 gold pieces
 17955 | Shoals:3 | Bought a potion of mutation for 112 gold pieces
 17955 | Shoals:3 | Bought a potion of flight for 42 gold pieces
 17963 | Shoals:3 | Found Virooni's Antique Armour Shoppe.
 17981 | Shoals:3 | Bought an embroidered robe for 92 gold pieces
 17981 | Shoals:3 | Bought a ripped robe for 142 gold pieces
 18004 | Shoals:3 | Identified the +1 robe of Impatience {rElec rF- rC+} (You
                  | bought it in a shop on level 3 of the Shoals)
 18096 | Shoals:3 | Killed Ilsuiw
 18431 | Shoals:4 | Entered Level 4 of the Shoals
 18693 | Shoals:4 | You are confused.
 18784 | Shoals:4 | Reached skill level 10 in Fire Magic
 18820 | Shoals:4 | You are confused.
 18858 | Shoals:4 | Found a frozen archway.
 18865 | IceCv    | Entered an ice cave
 19279 | IceCv    | Noticed an Ice Fiend
 19284 | IceCv    | Killed an Ice Fiend
 19739 | Shoals:4 | Offered knowledge of Conjure Ball Lightning by Vehumet.
 20043 | Shoals:4 | Got a barnacled rune of Zot
 20731 | Spider:1 | Reached XP level 17. HP: 86/92 MP: 38/44
 20999 | Spider:2 | Noticed Arachne
 21008 | Spider:2 | Killed Arachne
 21008 | Spider:2 | Reached skill level 10 in Dodging
 21154 | Spider:3 | Offered knowledge of Bolt of Fire by Vehumet.
 21191 | Spider:3 | Learned a level 6 spell: Bolt of Fire
 21727 | Spider:4 | Entered Level 4 of the Spider Nest
 21992 | Spider:2 | Offered knowledge of Lehudib's Crystal Spear by Vehumet.
 21992 | Spider:2 | Offered knowledge of Fire Storm by Vehumet.
 21992 | Spider:2 | Offered knowledge of Shatter by Vehumet.
 22190 | Spider:4 | You feel dopey.
 22220 | Spider:3 | Learned a level 9 spell: Fire Storm
 22654 | Spider:4 | You feel dopey.
 22781 | Spider:3 | You feel dopey.
 22874 | Spider:4 | You feel dopey.
 22877 | Spider:4 | Reached skill level 15 in Fire Magic
 23041 | Spider:4 | You feel dopey.
 23046 | Spider:4 | You feel dopey.
 23046 | Spider:4 | You feel dopey.
 23120 | Spider:4 | Reached XP level 18. HP: 76/96 MP: 25/46
 23493 | Spider:4 | Got a gossamer rune of Zot
 23649 | Slime:1  | Entered Level 1 of the Pits of Slime
 23702 | Slime:1  | You are confused.
 23889 | Slime:2  | Gained mutation: You are weak. (Str -2) [a shining eye]
 23891 | Slime:2  | Gained mutation: Your magical capacity is low. (-10% MP) [a
                  | shining eye]
 24283 | Slime:4  | Gained mutation: You do not regenerate when monsters are
                  | visible. [a shining eye]
 24298 | Slime:4  | Gained mutation: Your magical capacity is very low. (-20%
                  | MP) [a shining eye]
 24300 | Slime:4  | Gained mutation: Armour fits poorly on your strangely
                  | shaped body. [a shining eye]
 24302 | Slime:4  | Lost mutation: You are weak. (Str -2) [potion of mutation]
 24302 | Slime:4  | Lost mutation: Armour fits poorly on your strangely shaped
                  | body. [potion of mutation]
 24302 | Slime:4  | Gained mutation: You have a pair of small antennae on your
                  | head. [potion of mutation]
 24302 | Slime:4  | Gained mutation: You are clumsy. (Dex -2) [potion of
                  | mutation]
 24302 | Slime:4  | Gained mutation: You evolve. [potion of mutation]
 24303 | Slime:4  | Lost mutation: You evolve. [potion of mutation]
 24303 | Slime:4  | Lost mutation: Your magical capacity is very low. (-20% MP)
                  | [potion of mutation]
 24303 | Slime:4  | Lost mutation: Your magical capacity is low. (-10% MP)
                  | [potion of mutation]
 24303 | Slime:4  | Gained mutation: You are frail. (-10% HP) [potion of
                  | mutation]
 24303 | Slime:4  | Lost mutation: You are clumsy. (Dex -2) [potion of
                  | mutation]
 24369 | Slime:4  | Gained mutation: You are very frail. (-20% HP) [a shining
                  | eye]
 24372 | Slime:4  | Gained mutation: You are dopey. (Int -2) [a shining eye]
 24444 | Slime:5  | Entered Level 5 of the Pits of Slime
 24547 | Slime:5  | Noticed the Royal Jelly
 24580 | Slime:4  | Reached XP level 19. HP: 64/80 MP: 38/47
 24686 | Slime:5  | Killed the Royal Jelly
 24829 | Slime:5  | Got a coiled brass ring
 24829 | Slime:5  | Got a smoking lapis lazuli ring
 24829 | Slime:5  | Got a vibrating brass ring
 24848 | Slime:5  | Got a spiked buckler
 24859 | Slime:5  | Identified the cursed +0 buckler "Rohuv" {*Drain MR+ Dex+9
                  | SInv} (You found it on level 5 of the Pits of Slime)
 24866 | Slime:5  | Identified the ring "Dib Piv" {rPois rC+ SInv} (You found
                  | it on level 5 of the Pits of Slime)
 24867 | Slime:5  | Identified the ring of Zusm {*Drain rF+ rC+ Dex+8 Stlth+}
                  | (You found it on level 5 of the Pits of Slime)
 24868 | Slime:5  | Identified the ring "Mompy" {Int+3 Stlth+} (You found it on
                  | level 5 of the Pits of Slime)
 24891 | Slime:5  | Got a slimy robe
 24891 | Slime:5  | Got a slimy rune of Zot
 24919 | Slime:5  | Identified the +1 robe of Zagroer {+Fly Slay+5} (You found
                  | it on level 5 of the Pits of Slime)
 25283 | Elf:1    | Entered Level 1 of the Elven Halls
 25430 | Elf:1    | Got a slimy falchion {antimagic}
 25470 | Elf:1    | Got a scorched rapier {freeze}
 25597 | Elf:1    | Got a fine shortbow
 25781 | Elf:1    | Got a transparent chain mail
 25792 | Elf:1    | Identified the cursed +1 rapier "Tubeif" {freeze, Str+2}
                  | (You took it off a deep elf knight on level 1 of the Elven
                  | Halls)
 25794 | Elf:1    | Identified the +7 falchion of Fear {antimagic, rPois rC++
                  | Str+5 Dex-3} (You took it off a deep elf mage on level 1 of
                  | the Elven Halls)
 25799 | Elf:1    | Got a steaming flail
 25808 | Elf:1    | Got a dazzling hunting sling
 26016 | Elf:3    | Entered Level 3 of the Elven Halls
 26026 | Elf:3    | Found a radiant altar of Vehumet.
 26207 | Elf:2    | Identified the +4 chain mail of the Hare {+Inv rF- Int+8
                  | SInv} (You found it on level 1 of the Elven Halls)
 26245 | Elf:2    | Identified the +9 flail of Pestilence {holy, rF+ Str+4}
                  | (You found it on level 1 of the Elven Halls)
 26246 | Elf:2    | Identified the cursed +1 hunting sling "Vafiwariaj"
                  | {freeze, rN+ Str+4} (You found it on level 1 of the Elven
                  | Halls)
 26362 | Elf:3    | Got a pair of smoking gloves
 26368 | Elf:3    | Identified the +1 pair of gloves "Lutrosk" {rC- MR+ Int+2
                  | Dex+8} (You found it on level 3 of the Elven Halls)
 26576 | Elf:3    | Reached skill level 15 in Dodging
 26583 | Elf:3    | Reached XP level 20. HP: 89/89 MP: 43/49
 26590 | Elf:3    | Reached skill level 1 in Earth Magic
 26592 | Elf:3    | Lost mutation: You are dopey. (Int -2) [potion of mutation]
 26592 | Elf:3    | Lost mutation: You are very frail. (-20% HP) [potion of
                  | mutation]
 26592 | Elf:3    | Gained mutation: Your body sometimes deteriorates upon
                  | taking damage. [potion of mutation]
 26592 | Elf:3    | Gained mutation: You are partially covered in rugged brown
                  | scales. (AC +1, +3% HP) [potion of mutation]
 26592 | Elf:3    | Gained mutation: Your magical capacity is low. (-10% MP)
                  | [potion of mutation]
 26592 | Elf:3    | Gained mutation: Your mind is acute. (Int +2) [potion of
                  | mutation]
 26593 | Elf:3    | Lost mutation: You are frail. (-10% HP) [potion of
                  | mutation]
 26593 | Elf:3    | Lost mutation: You are partially covered in rugged brown
                  | scales. (AC +1, +3% HP) [potion of mutation]
 26593 | Elf:3    | Lost mutation: You do not regenerate when monsters are
                  | visible. [potion of mutation]
 26593 | Elf:3    | Gained mutation: You have sharp toenails. [potion of
                  | mutation]
 26593 | Elf:3    | Gained mutation: Armour fits poorly on your strangely
                  | shaped body. [potion of mutation]
 26593 | Elf:3    | Gained mutation: You are somewhat resistant to further
                  | mutation. [potion of mutation]
 26659 | Elf:3    | Identified Sif Muna's Grimoire of Gliding Unholy Secrets
 26660 | Elf:3    | Reached skill level 5 in Earth Magic
 26682 | Elf:3    | Learned a level 2 spell: Sublimation of Blood
 26703 | Elf:3    | Got a translucent zirconium amulet
 26732 | Elf:3    | Got a warped steel ring
 26745 | Elf:3    | Identified Qesmi's Tome of Envenoming and Earth
 26776 | Elf:3    | Learned a level 6 spell: Deflect Missiles
 26850 | Elf:3    | Identified the Catalogue of the Ensnaring Birds
 26851 | Elf:3    | Identified the Disquisition on Burning Flight
 26889 | Elf:3    | Got a warped hand axe
 26889 | Elf:3    | Got a wavering marble ring
 26890 | Elf:3    | Identified the +1 hand axe of Wrath {chop, +Fly rElec Str-3
                  | Dex-2} (You found it on level 3 of the Elven Halls)
 27104 | Orc:2    | Bought the ring of Juavur {MR+ Int+5 Slay+3} for 771 gold
                  | pieces
 27107 | Orc:2    | Identified the ring of Impatience {rElec rPois rC+ MP+9}
                  | (You found it on level 3 of the Elven Halls)
 27110 | Orc:2    | Identified the ring of the Illusory Allies {rElec rC+ Str-2
                  | Int+3 Dex+6} (You found it on level 3 of the Elven Halls)
 27114 | Orc:2    | Bought a potion of experience for 900 gold pieces
 27114 | Orc:2    | Bought a potion of curing for 54 gold pieces
 27114 | Orc:2    | Bought a potion of curing for 54 gold pieces
 27358 | D:13     | Killed Snorg
 27429 | D:15     | Reached skill level 1 in Necromancy
 27429 | D:15     | Reached skill level 1 in Charms
 27443 | D:15     | Found a staircase to the Depths.
 27461 | Depths:1 | Entered Level 1 of the Depths
 27483 | Depths:1 | Noticed Sojobo
 27490 | Depths:1 | Killed Sojobo
 27496 | Depths:1 | Reached skill level 5 in Necromancy
 27513 | Depths:1 | Reached skill level 10 in Earth Magic
 27519 | Depths:1 | You feel dopey.
 27522 | Depths:1 | Got a polished scimitar
 27562 | Depths:1 | Identified the cursed +1 scimitar of Eternal Vigilance
                  | {freeze, MP+9} (You found it on level 1 of the Depths)
 27619 | Depths:1 | You feel dopey.
 27631 | Depths:1 | Reached XP level 21. HP: 86/117 MP: 12/45
 27872 | Depths:2 | Noticed Saint Roka
 27877 | Depths:2 | Killed Saint Roka
 27925 | Depths:3 | Reached skill level 15 in Earth Magic
 27965 | Depths:3 | Noticed a juggernaut
 27967 | Depths:3 | Killed a juggernaut
 28000 | Depths:3 | Noticed a juggernaut
 28001 | Depths:3 | Killed a juggernaut
 28081 | Depths:3 | Found a one-way gate leading to the halls of Pandemonium.
 28227 | Depths:4 | Found a magical portal.
 28235 | WizLab   | Entered Iskenderun's Mystic Tower
 28258 | WizLab   | Reached XP level 22. HP: 109/122 MP: 42/46
 28399 | WizLab   | Identified Iskenderun's Incunabulum of Conjuration
 28400 | WizLab   | Identified Iskenderun's Reference Book on Conjuration
 28437 | WizLab   | Learned a level 9 spell: Shatter
 28482 | Depths:4 | Reached skill level 1 in Summonings
 28539 | Depths:4 | Noticed Frederick
 28542 | Depths:4 | Killed Frederick
 28591 | Depths:4 | Found a radiant altar of Vehumet.
 28610 | Depths:4 | Reached skill level 5 in Summonings
 28624 | Depths:4 | Identified a +0 pair of boots of running (You found it on
                  | level 4 of the Depths)
 28635 | Depths:4 | Got a pair of ancient gloves
 28639 | Depths:4 | Identified the amulet "Hebanis" {*Contam rElec Regen+
                  | Stlth+} (You found it on level 3 of the Elven Halls)
 28765 | Depths:4 | Found Eblopha's Magic Scroll Boutique.
 28779 | Depths:4 | Bought a scroll of blinking for 120 gold pieces
 28779 | Depths:4 | Bought a scroll of magic mapping for 56 gold pieces
 28779 | Depths:4 | Bought a scroll of identify for 32 gold pieces
 28779 | Depths:4 | Bought a scroll of identify for 32 gold pieces
 28779 | Depths:4 | Bought a scroll of identify for 32 gold pieces
 28779 | Depths:4 | Bought a scroll of amnesia for 56 gold pieces
 28779 | Depths:4 | Bought a scroll of identify for 32 gold pieces
 28779 | Depths:4 | Bought a scroll of fog for 32 gold pieces
 28779 | Depths:4 | Identified the cursed +0 pair of gloves of Vian {Int+3
                  | Stlth+} (You found it on level 4 of the Depths)
 28805 | Depths:4 | Bought a scroll of enchant armour for 120 gold pieces
 28818 | Depths:4 | Learned a level 8 spell: Lehudib's Crystal Spear
 28819 | Depths:5 | Entered Level 5 of the Depths
 28824 | Depths:5 | Noticed a caustic shrike
 28824 | Depths:5 | Noticed a caustic shrike
 28824 | Depths:5 | Noticed a juggernaut
 28824 | Depths:5 | Noticed a juggernaut
 28827 | Depths:5 | Noticed a caustic shrike
 28827 | Depths:5 | Noticed a caustic shrike
 28828 | Depths:5 | Noticed a caustic shrike
 28857 | Depths:4 | Found a one-way gate to the infinite horrors of the Abyss.
 28942 | Depths:4 | Found a gateway to Hell.
 28963 | Hell     | Entered the Vestibule of Hell
 28963 | Hell     | Noticed Geryon
 28967 | Hell     | Killed Geryon
 28967 | Hell     | Reached skill level 10 in Summonings
 28970 | Hell     | You feel dopey.
 29046 | Depths:5 | Killed a juggernaut
 29046 | Depths:5 | Reached XP level 23. HP: 107/127 MP: 5/47
 29047 | Depths:5 | Killed a caustic shrike
 29181 | Depths:5 | Killed a caustic shrike
 29181 | Depths:5 | Reached skill level 1 in Evocations
 29188 | Depths:5 | Killed a caustic shrike
 29188 | Depths:5 | Killed a caustic shrike
 29202 | Depths:5 | Noticed an ancient lich
 29203 | Depths:5 | Killed a caustic shrike
 29203 | Depths:5 | Killed an ancient lich
 29205 | Depths:5 | Killed a juggernaut
 29336 | Depths:5 | Reached skill level 5 in Evocations
 29661 | Depths:2 | Noticed a caustic shrike
 29664 | Depths:2 | Noticed a caustic shrike
 29664 | Depths:2 | Noticed a caustic shrike
 29665 | Depths:2 | Killed a caustic shrike
 29666 | Depths:2 | Killed a caustic shrike
 29667 | Depths:2 | Killed a caustic shrike
 29776 | Depths:2 | Found Niry's Antique Armour Emporium.
 29788 | Depths:2 | Bought a blackened leather armour for 315 gold pieces
 29788 | Depths:2 | Identified the +0 leather armour of the Swamp {Stlth+} (You
                  | bought it in a shop on level 2 of the Depths)
 29898 | Hell     | Reached XP level 24. HP: 135/135 MP: 46/47
 30178 | Depths:1 | Found a gateway to a ziggurat.
 30224 | Zig:1    | Entered Level 1 of a ziggurat
 30242 | Zig:2    | Entered Level 2 of a ziggurat
 30259 | Zig:3    | Entered Level 3 of a ziggurat
 30280 | Zig:4    | Entered Level 4 of a ziggurat
 30283 | Zig:4    | Reached skill level 10 in Fighting
 30303 | Zig:5    | Entered Level 5 of a ziggurat
 30326 | Zig:6    | Entered Level 6 of a ziggurat
 30352 | Zig:7    | Entered Level 7 of a ziggurat
 30353 | Zig:7    | Reached skill level 10 in Evocations
 30367 | Zig:7    | Found the +8 frozen axe "Frostbite" {freezing cloud, *Noise
                  | +Fly rC+}
 30379 | Zig:7    | Got a twisted mace
 30382 | Zig:8    | Entered Level 8 of a ziggurat
 30417 | Zig:9    | Entered Level 9 of a ziggurat
 30450 | Zig:10   | Entered Level 10 of a ziggurat
 30459 | Zig:10   | Found the +8 storm bow {elec}
 30481 | Zig:10   | Learned a level 6 spell: Statue Form
 30495 | Zig:11   | Entered Level 11 of a ziggurat
 30504 | Zig:11   | Noticed an ancient lich
 30505 | Zig:11   | Killed an ancient lich
 30525 | Zig:11   | Lost mutation: Your magical capacity is low. (-10% MP)
                  | [potion of mutation]
 30525 | Zig:11   | Lost mutation: You are somewhat resistant to further
                  | mutation. [potion of mutation]
 30525 | Zig:11   | Lost mutation: Your mind is acute. (Int +2) [potion of
                  | mutation]
 30525 | Zig:11   | Gained mutation: You are weak. (Str -2) [potion of
                  | mutation]
 30525 | Zig:11   | Gained mutation: You do not regenerate when monsters are
                  | visible. [potion of mutation]
 30525 | Zig:11   | Lost mutation: You are weak. (Str -2) [potion of mutation]
 30525 | Zig:11   | Gained mutation: You are partially covered in iridescent
                  | scales. (AC +2) [potion of mutation]
 30526 | Zig:11   | Got a smoking ring mail
 30529 | Zig:11   | Identified the cursed +1 ring mail "Wojiriun" {Str+5} (You
                  | found it on level 11 of a ziggurat)
 30542 | Zig:12   | Entered Level 12 of a ziggurat
 30549 | Zig:12   | Noticed a greater mummy
 30549 | Zig:12   | Noticed a greater mummy
 30558 | Zig:12   | Killed a greater mummy
 30558 | Zig:12   | Reached XP level 25. HP: 72/141 MP: 44/52
 30559 | Zig:12   | Killed a greater mummy
 30578 | Zig:12   | Identified Luerax's Almanac of Displaced Enchantment
 30586 | Zig:12   | Got a jewelled flail
 30587 | Zig:12   | Identified the +7 mace of the Desolation of Salt {speed,
                  | *Slow rElec rF++ Str+4 SInv} (You found it on level 7 of a
                  | ziggurat)
 30588 | Zig:12   | Identified the +10 flail "Vafot" {freeze, +Inv} (You found
                  | it on level 12 of a ziggurat)
 30597 | Zig:13   | Entered Level 13 of a ziggurat
 30607 | Zig:13   | Reached skill level 15 in Summonings
 30636 | Zig:13   | Identified the Guide on Transformation and Talismans
 30640 | Zig:13   | Lost mutation: Your body sometimes deteriorates upon taking
                  | damage. [potion of mutation]
 30640 | Zig:13   | Lost mutation: You have sharp toenails. [potion of
                  | mutation]
 30640 | Zig:13   | Gained mutation: You are partially covered in rugged brown
                  | scales. (AC +1, +3% HP) [potion of mutation]
 30640 | Zig:13   | Gained mutation: You have a pair of antennae on your head.
                  | [potion of mutation]
 30640 | Zig:13   | Gained mutation: Your mind is acute. (Int +2) [potion of
                  | mutation]
 30648 | Zig:13   | Reached XP level 26. HP: 142/151 MP: 52/52
 30649 | Zig:13   | Reached skill level 5 in Transmutations
 30649 | Zig:13   | Reached XP level 27. HP: 147/156 MP: 52/52
 30661 | Zig:13   | Learned a level 8 spell: Necromutation
 30663 | Zig:14   | Entered Level 14 of a ziggurat
 30676 | Zig:14   | Reached skill level 10 in Necromancy
 30693 | Zig:14   | Learned a level 2 spell: Blink
 30716 | Zig:14   | Got a scintillating silver ring
 30718 | Zig:14   | Got a steaming mace
 30719 | Zig:14   | Identified the cursed +3 mace "Moiherph" {venom, rElec MR+
                  | Int+4 Stlth+} (You found it on level 14 of a ziggurat)
 30726 | Zig:15   | Entered Level 15 of a ziggurat
 30741 | Zig:15   | Reached skill level 10 in Transmutations
 30764 | Zig:15   | Got a translucent pewter ring
 30769 | Zig:15   | Identified the ring "Peuli" {+Blink MP+9 Slay+2 SInv} (You
                  | found it on level 14 of a ziggurat)
 30771 | Zig:15   | Identified the ring "Tiereats" {rCorr rC+} (You found it on
                  | level 15 of a ziggurat)
 30801 | Zig:16   | Entered Level 16 of a ziggurat
 30818 | Zig:16   | Found the +7 sceptre of Torment
 30820 | Zig:16   | Found the cursed +14 obsidian axe {chop, +Fly SInv *Curse}
 30828 | Zig:16   | Got a wavering tin ring
 30829 | Zig:16   | Identified Sif Muna's Volume of Frigorific Feathers
 30840 | Zig:16   | Got an ebony hand axe
 30841 | Zig:16   | Identified the +9 hand axe "Dedd" {freeze, +Rage rElec rN+
                  | MR+} (You found it on level 16 of a ziggurat)
 30844 | Zig:16   | Identified the Handbook of Theory
 30856 | Zig:16   | Lost mutation: You are partially covered in iridescent
                  | scales. (AC +2) [potion of mutation]
 30856 | Zig:16   | Lost mutation: You have a pair of antennae on your head.
                  | [potion of mutation]
 30856 | Zig:16   | Lost mutation: You do not regenerate when monsters are
                  | visible. [potion of mutation]
 30856 | Zig:16   | Lost mutation: Your mind is acute. (Int +2) [potion of
                  | mutation]
 30856 | Zig:16   | Gained mutation: You are clumsy. (Dex -2) [potion of
                  | mutation]
 30856 | Zig:16   | Gained mutation: You are resistant to hostile enchantments.
                  | (MR+) [potion of mutation]
 30856 | Zig:16   | Gained mutation: You passively map a small area around you.
                  | [potion of mutation]
 30857 | Zig:16   | Lost mutation: You are resistant to hostile enchantments.
                  | (MR+) [potion of mutation]
 30857 | Zig:16   | Lost mutation: You passively map a small area around you.
                  | [potion of mutation]
 30857 | Zig:16   | Lost mutation: You have a pair of small antennae on your
                  | head. [potion of mutation]
 30857 | Zig:16   | Gained mutation: You can translocate small distances at
                  | will. [potion of mutation]
 30857 | Zig:16   | Gained mutation: You are very clumsy. (Dex -4) [potion of
                  | mutation]
 30857 | Zig:16   | Gained mutation: You have a pair of small antennae on your
                  | head. [potion of mutation]
 30857 | Zig:16   | Gained mutation: Your skin changes colour to match your
                  | surroundings (Stealth+). [potion of mutation]
 30859 | Zig:16   | Got a polished flail
 30860 | Zig:16   | Identified the +6 flail "Beetlebane" {drain, Int+2 Dex+3}
                  | (You found it on level 16 of a ziggurat)
 30865 | Zig:17   | Entered Level 17 of a ziggurat
 30907 | Zig:17   | Got a vibrating amber ring
 30909 | Zig:17   | Identified the ring "Toet" {+Blink +Fly rPois Str+6} (You
                  | found it on level 17 of a ziggurat)
 30911 | Zig:17   | Identified the ring "Ypotedor" {Fire rPois MR+} (You found
                  | it on level 16 of a ziggurat)
 30922 | Zig:18   | Entered Level 18 of a ziggurat
 30959 | Zig:18   | Lost mutation: Armour fits poorly on your strangely shaped
                  | body. [potion of mutation]
 30959 | Zig:18   | Lost mutation: Your skin changes colour to match your
                  | surroundings (Stealth+). [potion of mutation]
 30959 | Zig:18   | Lost mutation: You have a pair of small antennae on your
                  | head. [potion of mutation]
 30959 | Zig:18   | Gained mutation: Scrolls take you a little longer to read.
                  | [potion of mutation]
 30959 | Zig:18   | Gained mutation: You are weak. (Str -2) [potion of
                  | mutation]
 30959 | Zig:18   | Lost mutation: Scrolls take you a little longer to read.
                  | [potion of mutation]
 30960 | Zig:18   | Lost mutation: You can translocate small distances at will.
                  | [potion of mutation]
 30960 | Zig:18   | Lost mutation: You are very clumsy. (Dex -4) [potion of
                  | mutation]
 30960 | Zig:18   | Gained mutation: You are very clumsy. (Dex -4) [potion of
                  | mutation]
 30960 | Zig:18   | Gained mutation: You are surrounded by a mild repulsion
                  | field. (EV +2) [potion of mutation]
 30960 | Zig:18   | Gained mutation: Your flesh is cold resistant. (rC+)
                  | [potion of mutation]
 30960 | Zig:18   | Gained mutation: You have large cloven feet. [potion of
                  | mutation]
 30961 | Zig:18   | Identified the ring "Vuyhiam" {MR+ Int+4} (You found it on
                  | level 18 of a ziggurat)
 30971 | Zig:19   | Entered Level 19 of a ziggurat
 30987 | Zig:19   | Reached skill level 15 in Necromancy
 31016 | Zig:19   | Found the +5 demon whip "Spellbinder" {antimagic, MR+}
 31017 | Zig:19   | Identified the +0 pair of gloves "Ojun" {rCorr Dex+2} (You
                  | found it on level 19 of a ziggurat)
 31029 | Zig:19   | Identified the Reference Book on Glacial Air
 31038 | Zig:20   | Entered Level 20 of a ziggurat
 31047 | Zig:20   | Noticed a greater mummy
 31048 | Zig:20   | Noticed a greater mummy
 31048 | Zig:20   | Noticed a greater mummy
 31050 | Zig:20   | Noticed a greater mummy
 31050 | Zig:20   | Noticed a greater mummy
 31052 | Zig:20   | Killed a greater mummy
 31052 | Zig:20   | Killed a greater mummy
 31053 | Zig:20   | Killed a greater mummy
 31053 | Zig:20   | Killed a greater mummy
 31053 | Zig:20   | Killed a greater mummy
 31053 | Zig:20   | You feel dopey.
 31054 | Zig:20   | Noticed a greater mummy
 31055 | Zig:20   | Noticed a greater mummy
 31056 | Zig:20   | Reached skill level 15 in Transmutations
 31056 | Zig:20   | Noticed a greater mummy
 31057 | Zig:20   | Killed a greater mummy
 31057 | Zig:20   | Noticed a greater mummy
 31062 | Zig:20   | Killed a greater mummy
 31065 | Zig:20   | Killed a greater mummy
 31066 | Zig:20   | Killed a greater mummy
 31108 | Zig:20   | Identified the Collected Works on Fetching Ignition
 31117 | Zig:20   | Learned a level 5 spell: Aura of Abjuration
 31129 | Zig:20   | Learned a level 9 spell: Glaciate
 31129 | Zig:20   | Lost mutation: You have large cloven feet. [potion of
                  | mutation]
 31129 | Zig:20   | Lost mutation: Your flesh is cold resistant. (rC+) [potion
                  | of mutation]
 31129 | Zig:20   | Gained mutation: Potions are less effective at restoring
                  | your health. [potion of mutation]
 31129 | Zig:20   | Gained mutation: Your spells are a little harder to cast,
                  | but a little more powerful. [potion of mutation]
 31129 | Zig:20   | Gained mutation: You possess an exceptional clarity of
                  | mind. [potion of mutation]
 31151 | Zig:20   | Reached skill level 5 in Ice Magic
 31152 | Zig:20   | Lost mutation: You possess an exceptional clarity of mind.
                  | [potion of mutation]
 31152 | Zig:20   | Lost mutation: Potions are less effective at restoring your
                  | health. [potion of mutation]
 31152 | Zig:20   | Lost mutation: Your spells are a little harder to cast, but
                  | a little more powerful. [potion of mutation]
 31152 | Zig:20   | Gained mutation: Your spells are a little harder to cast,
                  | but a little more powerful. [potion of mutation]
 31153 | Zig:20   | Got a pair of faintly humming boots
 31153 | Zig:20   | Got a smoking bronze amulet
 31164 | Zig:20   | Identified the cursed +0 pair of boots "Jeeruqe" {MR- Str+2
                  | Int+6} (You found it on level 20 of a ziggurat)
 31170 | Zig:21   | Entered Level 21 of a ziggurat
 31206 | Zig:21   | Identified the Disquisition on Supportive Stones
 31221 | Zig:21   | Lost mutation: You are weak. (Str -2) [potion of mutation]
 31221 | Zig:21   | Lost mutation: You are partially covered in rugged brown
                  | scales. (AC +1, +3% HP) [potion of mutation]
 31221 | Zig:21   | Lost mutation: You are very clumsy. (Dex -4) [potion of
                  | mutation]
 31221 | Zig:21   | Lost mutation: You are clumsy. (Dex -2) [potion of
                  | mutation]
 31221 | Zig:21   | Lost mutation: Your spells are a little harder to cast, but
                  | a little more powerful. [potion of mutation]
 31221 | Zig:21   | Gained mutation: You evolve. [potion of mutation]
 31226 | Zig:21   | Got a ripped robe
 31237 | Zig:21   | Identified the +0 robe of Parlour Games {rElec rCorr Str-4
                  | Stlth-} (You found it on level 21 of a ziggurat)
 31243 | Zig:21   | Got a translucent leather armour
 31249 | Zig:21   | Identified the +0 leather armour of Creativity {Dex+8} (You
                  | found it on level 21 of a ziggurat)
 31266 | Zig:22   | Entered Level 22 of a ziggurat
 31282 | Zig:22   | Reached skill level 10 in Ice Magic
 31296 | Zig:22   | Found the +7 captain's cutlass {speed, disarm}
 31306 | Zig:22   | Identified Itiynol's Reference Book on Shifting Stones
 31309 | Zig:22   | Identified the Papyrus of the Venomous Traveller
 31320 | Zig:22   | Lost mutation: You evolve. [potion of mutation]
 31320 | Zig:22   | Gained mutation: You have a pair of small horns on your
                  | head. [potion of mutation]
 31320 | Zig:22   | Gained mutation: You have a pair of horns on your head.
                  | [potion of mutation]
 31321 | Zig:22   | Lost mutation: You have a pair of horns on your head.
                  | [potion of mutation]
 31321 | Zig:22   | Gained mutation: You possess an exceptional clarity of
                  | mind. [potion of mutation]
 31321 | Zig:22   | Gained mutation: You are partially covered in rugged brown
                  | scales. (AC +1, +3% HP) [potion of mutation]
 31330 | Zig:23   | Entered Level 23 of a ziggurat
 31378 | Zig:23   | Identified the Reference Book on Supportive Conjuration
 31384 | Zig:23   | Got a brightly glowing pewter ring
 31390 | Zig:23   | Got a fine iron ring
 31396 | Zig:24   | Entered Level 24 of a ziggurat
 31408 | Zig:24   | Reached skill level 15 in Evocations
 31418 | Zig:24   | Reached skill level 15 in Ice Magic
 31449 | Zig:24   | Identified the Incunabulum of Weightlessness
 31452 | Zig:24   | Identified the ring of Qikka {+Blink Str+5 Dex-4 Slay+2
                  | SInv} (You found it on level 23 of a ziggurat)
 31455 | Zig:24   | Got a shimmering tin ring
 31456 | Zig:24   | Identified the ring "Vecapnyn" {Fire Int+5} (You found it
                  | on level 24 of a ziggurat)
 31464 | Zig:25   | Entered Level 25 of a ziggurat
 31504 | Zig:25   | Found the +2 ratskin cloak {+Rats rPois rN+ Str-1 Int-1
                  | Dex+1}
 31524 | Zig:25   | Identified Sif Muna's Volume of Unholy Rituals and
                  | Enchantment
 31537 | Zig:26   | Entered Level 26 of a ziggurat
 31579 | Zig:26   | Found the +18 shield of the Gong {rElec rN+ MR+ EV-5}
 31592 | Zig:26   | Got a flickering pewter ring
 31592 | Zig:26   | Got a shimmering brass ring
 31593 | Zig:26   | Identified the ring "Xoicoext" {rPois rC+ MR+ Slay-5
                  | Stlth+} (You found it on level 26 of a ziggurat)
 31596 | Zig:26   | Identified the ring of the Sparrow {Str+3 Stlth-} (You
                  | found it on level 26 of a ziggurat)
 31599 | Zig:26   | Identified the ring "Fyghuogute" {rElec rN+ Dex-2 Slay+5
                  | Stlth+} (You found it on level 23 of a ziggurat)
 31603 | Zig:26   | Got a pair of transparent boots
 31603 | Zig:26   | Got a smoking copper ring
 31605 | Zig:26   | Identified the ring of Gigarr {*Tele rN+} (You found it on
                  | level 26 of a ziggurat)
 31614 | Zig:26   | Identified the amulet "Qeyloe" {Spirit rN+} (You found it
                  | on level 20 of a ziggurat)
 31648 | Zig:27   | Entered Level 27 of a ziggurat
 31700 | Zig:27   | Identified Ingahor's Papyrus of the Displaced Snowflakes
 31706 | Zig:27   | Identified the cursed +0 pair of boots "Ifydid" {rF+ Regen+
                  | Str+2 SInv} (You found it on level 26 of a ziggurat)
 31707 | Zig:27   | Identified the ring of Lilacoll {Fire Int+2} (You found it
                  | on level 27 of a ziggurat)
 31728 | Depths:1 | Learned a level 4 spell: Passage of Golubria
 31843 | Vaults:1 | Entered Level 1 of the Vaults
 31881 | Vaults:2 | Reached skill level 1 in Translocations
 31885 | Vaults:2 | Reached skill level 27 in Spellcasting
 31891 | Vaults:1 | Noticed Asterion
 31893 | Vaults:1 | Killed Asterion
 31901 | Vaults:1 | Reached skill level 5 in Shields
 31979 | Vaults:2 | Noticed Nikola
 31982 | Vaults:2 | Killed Nikola
 32048 | Vaults:3 | Noticed Mara
 32052 | Vaults:3 | Killed Mara
 32068 | Vaults:3 | Found a flickering gateway to a bazaar.
 32119 | Bazaar   | Entered a bazaar
 32119 | Bazaar   | Found Bumeneniy's Gadget Boutique.
 32133 | Bazaar   | Found Wyte's General Store.
 32137 | Bazaar   | Bought a scroll of identify for 32 gold pieces
 32137 | Bazaar   | Bought a scroll of identify for 32 gold pieces
 32139 | Bazaar   | Found Ukaoch's Antique Weapon Emporium.
 32143 | Bazaar   | Found Voamn's Antique Weapon Emporium.
 32145 | Bazaar   | Found Vuebbuyrr's Jewellery Shop.
 32153 | Bazaar   | Bought the ring of Sazo {+Fly rElec rF++ Int+5 Slay-5} for
                  | 538 gold pieces
 32192 | Vaults:4 | Identified the Incunabulum of Battle Magic
 32233 | Vaults:5 | Entered Level 5 of the Vaults
 32244 | Vaults:5 | Reached skill level 5 in Translocations
 32259 | Vaults:5 | Reached skill level 10 in Shields
 32262 | Vaults:5 | Noticed an ancient lich
 32268 | Vaults:5 | Killed an ancient lich
 32269 | Vaults:5 | You gaze into the crystal ball.
 32269 | Vaults:5 | You are suffused with power!
 32327 | Vaults:5 | You gaze into the crystal ball.
 32327 | Vaults:5 | You are suffused with power!
 32331 | Vaults:5 | You gaze into the crystal ball.
 32331 | Vaults:5 | You are suffused with power!
 32332 | Vaults:5 | You gaze into the crystal ball.
 32332 | Vaults:5 | You are suffused with power!
 32342 | Vaults:5 | You gaze into the crystal ball.
 32342 | Vaults:5 | You feel your power drain away!
 32361 | Vaults:5 | You gaze into the crystal ball.
 32361 | Vaults:5 | You are suffused with power!
 32393 | Vaults:5 | Identified the Papyrus of Sinister Changing
 32397 | Vaults:5 | Identified the Compendium of Feathers
 32404 | Vaults:5 | Identified the cursed +0 helmet "Jungo" {MR+ Str+6} (You
                  | found it on level 5 of the Vaults)
 32406 | Vaults:5 | You gaze into the crystal ball.
 32406 | Vaults:5 | You are suffused with power!
 32407 | Vaults:5 | You gaze into the crystal ball.
 32407 | Vaults:5 | You are suffused with power!
 32408 | Vaults:5 | You gaze into the crystal ball.
 32408 | Vaults:5 | You are suffused with power!
 32418 | Vaults:5 | Got a silver rune of Zot
 32435 | Vaults:5 | You gaze into the crystal ball.
 32435 | Vaults:5 | You are suffused with power!
 32452 | Vaults:5 | Identified the Handbook of Freezing Aid
 32456 | Vaults:5 | You gaze into the crystal ball.
 32456 | Vaults:5 | You are suffused with power!
 32505 | Vaults:5 | Noticed an ancient lich
 32506 | Vaults:5 | Killed an ancient lich
 32515 | Vaults:5 | You gaze into the crystal ball.
 32515 | Vaults:5 | You are suffused with power!
 32535 | Vaults:5 | You gaze into the crystal ball.
 32535 | Vaults:5 | You are suffused with power!
 32595 | Vaults:5 | You gaze into the crystal ball.
 32595 | Vaults:5 | You are suffused with power!
 32596 | Vaults:5 | You gaze into the crystal ball.
 32596 | Vaults:5 | You are suffused with power!
 32699 | Vaults:3 | Found a staircase to the Crypt.
 32703 | Vaults:3 | You gaze into the crystal ball.
 32703 | Vaults:3 | You are suffused with power!
 32705 | Crypt:1  | Entered Level 1 of the Crypt
 32731 | Crypt:1  | You gaze into the crystal ball.
 32731 | Crypt:1  | You are suffused with power!
 32732 | Crypt:1  | You gaze into the crystal ball.
 32732 | Crypt:1  | You are suffused with power!
 32740 | Crypt:1  | You gaze into the crystal ball.
 32740 | Crypt:1  | You are suffused with power!
 32783 | Crypt:3  | Entered Level 3 of the Crypt
 32887 | Crypt:3  | You gaze into the crystal ball.
 32887 | Crypt:3  | You are suffused with power!
 32903 | Crypt:3  | You gaze into the crystal ball.
 32903 | Crypt:3  | You are suffused with power!
 32904 | Crypt:3  | You gaze into the crystal ball.
 32904 | Crypt:3  | You are suffused with power!
 32915 | Crypt:3  | You gaze into the crystal ball.
 32915 | Crypt:3  | You are suffused with power!
 32915 | Crypt:3  | Noticed an ancient lich
 32918 | Crypt:3  | Killed an ancient lich
 32922 | Crypt:3  | Noticed an ancient lich
 32923 | Crypt:3  | Killed an ancient lich
 32924 | Crypt:3  | You gaze into the crystal ball.
 32924 | Crypt:3  | You are suffused with power!
 32933 | Crypt:3  | Identified the ring of Iryityn {+Blink AC+4} (You found it
                  | on level 3 of the Crypt)
 32937 | Crypt:3  | Found a staircase to the Tomb.
 32947 | Tomb:1   | Entered Level 1 of the Tomb of the Ancients
 32954 | Tomb:1   | Noticed a greater mummy
 32956 | Tomb:1   | Killed a greater mummy
 32957 | Tomb:1   | You gaze into the crystal ball.
 32957 | Tomb:1   | You are suffused with power!
 32958 | Tomb:1   | You gaze into the crystal ball.
 32958 | Tomb:1   | You are suffused with power!
 32963 | Tomb:1   | Noticed a greater mummy
 32964 | Tomb:1   | Noticed a greater mummy
 32965 | Tomb:1   | Killed a greater mummy
 32966 | Tomb:1   | Killed a greater mummy
 32973 | Tomb:1   | You gaze into the crystal ball.
 32973 | Tomb:1   | You are suffused with power!
 32986 | Tomb:1   | You gaze into the crystal ball.
 32986 | Tomb:1   | You are suffused with power!
 32988 | Tomb:1   | Noticed a greater mummy
 32991 | Tomb:1   | Killed a greater mummy
 32994 | Tomb:1   | Noticed a greater mummy
 32996 | Tomb:1   | Noticed a greater mummy
 32997 | Tomb:1   | Killed a greater mummy
 32999 | Tomb:1   | Killed a greater mummy
 33010 | Tomb:1   | You gaze into the crystal ball.
 33010 | Tomb:1   | You are suffused with power!
 33011 | Tomb:1   | You gaze into the crystal ball.
 33011 | Tomb:1   | You are suffused with power!
 33016 | Tomb:2   | Reached skill level 15 in Shields
 33016 | Tomb:2   | Noticed a greater mummy
 33016 | Tomb:2   | Noticed a greater mummy
 33017 | Tomb:2   | Noticed a greater mummy
 33018 | Tomb:2   | Noticed a greater mummy
 33019 | Tomb:2   | Killed a greater mummy
 33019 | Tomb:2   | Killed a greater mummy
 33020 | Tomb:2   | Killed a greater mummy
 33020 | Tomb:2   | Killed a greater mummy
 33020 | Tomb:2   | Noticed a greater mummy
 33026 | Tomb:2   | Killed a greater mummy
 33042 | Tomb:2   | You gaze into the crystal ball.
 33042 | Tomb:2   | You are suffused with power!
 33043 | Tomb:2   | You gaze into the crystal ball.
 33043 | Tomb:2   | You are suffused with power!
 33102 | Tomb:2   | You feel dopey.
 33114 | Tomb:2   | You gaze into the crystal ball.
 33114 | Tomb:2   | You are suffused with power!
 33122 | Tomb:2   | You gaze into the crystal ball.
 33122 | Tomb:2   | You are suffused with power!
 33149 | Tomb:2   | You gaze into the crystal ball.
 33149 | Tomb:2   | You are suffused with power!
 33150 | Tomb:2   | You gaze into the crystal ball.
 33150 | Tomb:2   | You are suffused with power!
 33151 | Tomb:2   | You gaze into the crystal ball.
 33151 | Tomb:2   | You feel your power drain away!
 33159 | Tomb:2   | You gaze into the crystal ball.
 33159 | Tomb:2   | You feel your power drain away!
 33168 | Tomb:2   | You gaze into the crystal ball.
 33168 | Tomb:2   | You are suffused with power!
 33169 | Tomb:2   | You gaze into the crystal ball.
 33169 | Tomb:2   | You are suffused with power!
 33170 | Tomb:2   | You gaze into the crystal ball.
 33170 | Tomb:2   | You are suffused with power!
 33174 | Tomb:3   | Entered Level 3 of the Tomb of the Ancients
 33188 | Tomb:3   | Noticed an ancient lich
 33189 | Tomb:3   | You feel dopey.
 33189 | Tomb:3   | Killed an ancient lich
 33193 | Tomb:3   | Noticed a greater mummy
 33195 | Tomb:3   | Killed a greater mummy
 33198 | Tomb:3   | Noticed a greater mummy
 33203 | Tomb:3   | Killed a greater mummy
 33203 | Tomb:3   | Noticed a greater mummy
 33208 | Tomb:3   | Killed a greater mummy
 33251 | Tomb:3   | Noticed a greater mummy
 33258 | Tomb:3   | Killed a greater mummy
 33260 | Tomb:3   | You gaze into the crystal ball.
 33260 | Tomb:3   | You feel your power drain away!
 33265 | Tomb:3   | You gaze into the crystal ball.
 33265 | Tomb:3   | You are suffused with power!
 33294 | Tomb:3   | Noticed a greater mummy
 33298 | Tomb:3   | Killed a greater mummy
 33298 | Tomb:3   | You feel dopey.
 33308 | Tomb:3   | Noticed a greater mummy
 33312 | Tomb:3   | Killed a greater mummy
 33319 | Tomb:3   | Noticed a greater mummy
 33324 | Tomb:3   | You gaze into the crystal ball.
 33324 | Tomb:3   | You are suffused with power!
 33327 | Tomb:3   | Killed a greater mummy
 33337 | Tomb:3   | You gaze into the crystal ball.
 33337 | Tomb:3   | You are suffused with power!
 33338 | Tomb:3   | You gaze into the crystal ball.
 33338 | Tomb:3   | You are suffused with power!
 33345 | Tomb:3   | Identified the +1 robe "Ukusoche" {rC+ Str-3 Dex+4} (You
                  | found it on level 3 of the Tomb of the Ancients)
 33411 | Tomb:3   | Identified the ring of Immigof {+Fly rPois Str+4 Dex+4}
                  | (You found it on level 3 of the Tomb of the Ancients)
 33412 | Tomb:3   | Identified the +10 ring mail "Mikhuj" {Str+7} (You found it
                  | on level 3 of the Tomb of the Ancients)
 33413 | Tomb:3   | Upgraded the game from 0.23-a0-183-gf37f6fb to
                  | 0.23-a0-207-g93a313e
 33413 | Tomb:3   | Got a translucent pewter ring
 33415 | Tomb:3   | Identified the ring of Zocodidd {rC+ MP+9} (You found it on
                  | level 3 of the Tomb of the Ancients)
 33449 | Tomb:3   | Got a golden rune of Zot
 33605 | Crypt:2  | You gaze into the crystal ball.
 33605 | Crypt:2  | You are suffused with power!
 33621 | Crypt:2  | You gaze into the crystal ball.
 33621 | Crypt:2  | You are suffused with power!
 33710 | Vaults:2 | Noticed Boris
 33713 | Vaults:2 | Killed Boris
 33790 | Vaults:1 | You gaze into the crystal ball.
 33790 | Vaults:1 | You are suffused with power!
 33802 | Vaults:1 | You gaze into the crystal ball.
 33802 | Vaults:1 | You are suffused with power!
 33803 | Vaults:1 | You gaze into the crystal ball.
 33803 | Vaults:1 | You are suffused with power!
 33830 | D:14     | Killed Rupert
 33941 | Hell     | You gaze into the crystal ball.
 33941 | Hell     | You are suffused with power!
 33986 | Pan      | Entered Pandemonium
 34009 | Pan      | You gaze into the crystal ball.
 34009 | Pan      | You are suffused with power!
 34017 | Pan      | Identified the ring "Nuism" {+Fly MR++ AC+2} (You found it
                  | in Pandemonium)
 34026 | Pan      | Noticed Efes the pandemonium lord
 34027 | Pan      | Killed Efes the pandemonium lord
 34028 | Pan      | You gaze into the crystal ball.
 34028 | Pan      | You are suffused with power!
 34032 | Pan      | You gaze into the crystal ball.
 34032 | Pan      | You are suffused with power!
 34049 | Pan      | You gaze into the crystal ball.
 34049 | Pan      | You are suffused with power!
 34051 | Pan      | Entered the realm of Mnoleg.
 34126 | Pan      | You feel dopey.
 34143 | Pan      | You gaze into the crystal ball.
 34143 | Pan      | You are suffused with power!
 34147 | Pan      | You gaze into the crystal ball.
 34147 | Pan      | You are suffused with power!
 34163 | Pan      | Noticed Mnoleg
 34170 | Pan      | Killed Mnoleg
 34246 | Pan      | Got a glowing rune of Zot
 34346 | Pan      | Noticed Netiestry the pandemonium lord
 34361 | Pan      | Killed Netiestry the pandemonium lord
 34364 | Pan      | You gaze into the crystal ball.
 34364 | Pan      | You are suffused with power!
 34420 | Pan      | You gaze into the crystal ball.
 34420 | Pan      | You are suffused with power!
 34486 | Pan      | You gaze into the crystal ball.
 34486 | Pan      | You are suffused with power!
 34502 | Pan      | You gaze into the crystal ball.
 34502 | Pan      | You are suffused with power!
 34507 | Pan      | You gaze into the crystal ball.
 34507 | Pan      | You are suffused with power!
 34517 | Pan      | You gaze into the crystal ball.
 34517 | Pan      | You are suffused with power!
 34518 | Pan      | You gaze into the crystal ball.
 34518 | Pan      | You are suffused with power!
 34522 | Pan      | Noticed Sauz the pandemonium lord
 34525 | Pan      | Killed Sauz the pandemonium lord
 34526 | Pan      | You gaze into the crystal ball.
 34526 | Pan      | You are suffused with power!
 34527 | Pan      | You gaze into the crystal ball.
 34527 | Pan      | You are suffused with power!
 34568 | Pan      | You gaze into the crystal ball.
 34568 | Pan      | You are suffused with power!
 34569 | Pan      | You gaze into the crystal ball.
 34569 | Pan      | You are suffused with power!
 34570 | Pan      | You gaze into the crystal ball.
 34570 | Pan      | You are suffused with power!
 34573 | Pan      | Noticed Zitodid the pandemonium lord
 34584 | Pan      | Killed Zitodid the pandemonium lord
 34593 | Pan      | You gaze into the crystal ball.
 34593 | Pan      | You are suffused with power!
 34599 | Pan      | You gaze into the crystal ball.
 34599 | Pan      | You are suffused with power!
 34600 | Pan      | You gaze into the crystal ball.
 34600 | Pan      | You are suffused with power!
 34628 | Pan      | You gaze into the crystal ball.
 34628 | Pan      | You are suffused with power!
 34645 | Pan      | You gaze into the crystal ball.
 34645 | Pan      | You are suffused with power!
 34646 | Pan      | You gaze into the crystal ball.
 34646 | Pan      | You are suffused with power!
 34668 | Pan      | You gaze into the crystal ball.
 34668 | Pan      | You are suffused with power!
 34670 | Pan      | You gaze into the crystal ball.
 34670 | Pan      | You are suffused with power!
 34681 | Pan      | You gaze into the crystal ball.
 34681 | Pan      | You are suffused with power!
 34682 | Pan      | You gaze into the crystal ball.
 34682 | Pan      | You are suffused with power!
 34709 | Pan      | You gaze into the crystal ball.
 34709 | Pan      | You are suffused with power!
 34710 | Pan      | You gaze into the crystal ball.
 34710 | Pan      | You are suffused with power!
 34722 | Pan      | You gaze into the crystal ball.
 34722 | Pan      | You are suffused with power!
 34723 | Pan      | You gaze into the crystal ball.
 34723 | Pan      | You are suffused with power!
 34730 | Pan      | Noticed a seraph
 34735 | Pan      | You gaze into the crystal ball.
 34735 | Pan      | You feel your power drain away!
 34742 | Pan      | Killed a seraph
 34743 | Pan      | You gaze into the crystal ball.
 34743 | Pan      | You are suffused with power!
 34744 | Pan      | You gaze into the crystal ball.
 34744 | Pan      | You are suffused with power!
 34751 | Pan      | Found a glowing golden altar of the Shining One.
 34762 | Pan      | Identified the Collected Works on the Mutagenic Mountains
 34763 | Pan      | Got an ominously black robe
 34763 | Pan      | Got a demonic rune of Zot
 34768 | Pan      | You gaze into the crystal ball.
 34768 | Pan      | You feel your power drain away!
 34805 | Pan      | Found a white marble altar of Elyvilon.
 34852 | Pan      | You gaze into the crystal ball.
 34852 | Pan      | You are suffused with power!
 34995 | Pan      | You gaze into the crystal ball.
 34995 | Pan      | You are suffused with power!
 35008 | Pan      | You gaze into the crystal ball.
 35008 | Pan      | You are suffused with power!
 35011 | Pan      | Entered the realm of Cerebov.
 35021 | Pan      | You gaze into the crystal ball.
 35021 | Pan      | You are suffused with power!
 35090 | Pan      | You gaze into the crystal ball.
 35090 | Pan      | You are suffused with power!
 35153 | Pan      | You gaze into the crystal ball.
 35153 | Pan      | You are suffused with power!
 35159 | Pan      | Noticed Cerebov
 35174 | Pan      | You gaze into the crystal ball.
 35174 | Pan      | You are suffused with power!
 35191 | Pan      | Killed Cerebov
 35199 | Pan      | You gaze into the crystal ball.
 35199 | Pan      | You are suffused with power!
 35206 | Pan      | Identified the Papyrus of Virous Transmigration
 35223 | Pan      | Got a fiery rune of Zot
 35237 | Pan      | Identified the Incunabulum of the Ninety-Nine Hells
 35273 | Pan      | Entered the realm of Lom Lobon.
 35273 | Pan      | Noticed Lom Lobon
 35293 | Pan      | You gaze into the crystal ball.
 35293 | Pan      | You are suffused with power!
 35296 | Pan      | Killed Lom Lobon
 35308 | Pan      | You gaze into the crystal ball.
 35308 | Pan      | You are suffused with power!
 35319 | Pan      | Got a magical rune of Zot
 35321 | Pan      | You gaze into the crystal ball.
 35321 | Pan      | You feel your power drain away!
 35332 | Pan      | Identified the +1 robe "Mioxyohok" {rElec rF- Dex+6} (You
                  | found it in Pandemonium)
 35430 | Pan      | Entered the realm of Gloorx Vloq.
 35437 | Pan      | You gaze into the crystal ball.
 35437 | Pan      | You are suffused with power!
 35449 | Pan      | You gaze into the crystal ball.
 35449 | Pan      | You are suffused with power!
 35452 | Pan      | You gaze into the crystal ball.
 35452 | Pan      | You are suffused with power!
 35458 | Pan      | Noticed Gloorx Vloq
 35463 | Pan      | Killed Gloorx Vloq
 35464 | Pan      | You gaze into the crystal ball.
 35464 | Pan      | You are suffused with power!
 35465 | Pan      | You gaze into the crystal ball.
 35465 | Pan      | You are suffused with power!
 35473 | Pan      | Got a dark rune of Zot
 35476 | Pan      | You gaze into the crystal ball.
 35476 | Pan      | You are suffused with power!
 35509 | Pan      | You gaze into the crystal ball.
 35509 | Pan      | You are suffused with power!
 35548 | Pan      | You gaze into the crystal ball.
 35548 | Pan      | You are suffused with power!
 35560 | Pan      | You gaze into the crystal ball.
 35560 | Pan      | You are suffused with power!
 35565 | Pan      | You gaze into the crystal ball.
 35565 | Pan      | You are suffused with power!
 35572 | Pan      | Noticed Geipe the pandemonium lord
 35577 | Pan      | Killed Geipe the pandemonium lord
 35579 | Pan      | You gaze into the crystal ball.
 35579 | Pan      | You are suffused with power!
 35624 | Pan      | You gaze into the crystal ball.
 35624 | Pan      | You are suffused with power!
 35639 | Pan      | You gaze into the crystal ball.
 35639 | Pan      | You are suffused with power!
 35640 | Pan      | You gaze into the crystal ball.
 35640 | Pan      | You are suffused with power!
 35657 | Pan      | You gaze into the crystal ball.
 35657 | Pan      | You are suffused with power!
 35698 | Pan      | Noticed Egruupof the pandemonium lord
 35702 | Pan      | Killed Egruupof the pandemonium lord
 35703 | Pan      | You gaze into the crystal ball.
 35703 | Pan      | You are suffused with power!
 35715 | Pan      | You gaze into the crystal ball.
 35715 | Pan      | You are suffused with power!
 35717 | Pan      | You gaze into the crystal ball.
 35717 | Pan      | You are suffused with power!
 35786 | Pan      | Noticed Coithic the pandemonium lord
 35798 | Depths:3 | Escaped Pandemonium
 35804 | Depths:3 | You gaze into the crystal ball.
 35804 | Depths:3 | You are suffused with power!
 35836 | Depths:4 | You gaze into the crystal ball.
 35836 | Depths:4 | You are suffused with power!
 35853 | Depths:4 | Voluntarily entered the Abyss.
 35917 | Abyss:1  | You gaze into the crystal ball.
 35917 | Abyss:1  | You are suffused with power!
 36008 | Abyss:2  | You gaze into the crystal ball.
 36008 | Abyss:2  | You are suffused with power!
 36084 | Abyss:2  | You gaze into the crystal ball.
 36084 | Abyss:2  | You are suffused with power!
 36110 | Abyss:4  | Found a corrupted altar of Lugonu.
 36110 | Abyss:4  | Found a corrupted altar of Lugonu.
 36140 | Abyss:4  | You gaze into the crystal ball.
 36140 | Abyss:4  | You feel your power drain away!
 36153 | Abyss:4  | Found a sacrificial altar of Ru.
 36173 | Abyss:5  | Entered Level 5 of the Abyss
 36214 | Abyss:5  | Found a corrupted altar of Lugonu.
 36224 | Abyss:5  | You gaze into the crystal ball.
 36224 | Abyss:5  | You are suffused with power!
 36227 | Abyss:5  | You gaze into the crystal ball.
 36227 | Abyss:5  | You are suffused with power!
 36280 | Abyss:5  | You feel dopey.
 36282 | Abyss:5  | You gaze into the crystal ball.
 36282 | Abyss:5  | You are suffused with power!
 36285 | Abyss:5  | You gaze into the crystal ball.
 36285 | Abyss:5  | You are suffused with power!
 36292 | Abyss:5  | You gaze into the crystal ball.
 36292 | Abyss:5  | You are suffused with power!
 36302 | Abyss:5  | Got an abyssal rune of Zot
 36312 | Abyss:5  | You gaze into the crystal ball.
 36312 | Abyss:5  | You are suffused with power!
 36317 | Depths:4 | Escaped the Abyss
 36349 | Depths:5 | Found a gate to the Realm of Zot.
 36356 | Hell     | You gaze into the crystal ball.
 36356 | Hell     | You feel your power drain away!
 36362 | Hell     | You gaze into the crystal ball.
 36362 | Hell     | You are suffused with power!
 36363 | Hell     | You gaze into the crystal ball.
 36363 | Hell     | You feel dopey.
 36364 | Hell     | You gaze into the crystal ball.
 36364 | Hell     | You are suffused with power!
 36380 | Hell     | You gaze into the crystal ball.
 36380 | Hell     | You are suffused with power!
 36381 | Hell     | You gaze into the crystal ball.
 36381 | Hell     | You are suffused with power!
 36397 | Hell     | Found a gateway to the Iron City of Dis.
 36402 | Hell     | You gaze into the crystal ball.
 36402 | Hell     | You are suffused with power!
 36404 | Dis:1    | Entered Level 1 of the Iron City of Dis
 36456 | Dis:1    | You feel dopey.
 36475 | Dis:1    | You gaze into the crystal ball.
 36475 | Dis:1    | You feel your power drain away!
 36482 | Dis:1    | You gaze into the crystal ball.
 36482 | Dis:1    | You are suffused with power!
 36484 | Dis:1    | Reached skill level 15 in Fighting
 36486 | Dis:1    | You gaze into the crystal ball.
 36486 | Dis:1    | You are suffused with power!
 36489 | Dis:1    | You gaze into the crystal ball.
 36489 | Dis:1    | You are suffused with power!
 36490 | Dis:1    | You gaze into the crystal ball.
 36490 | Dis:1    | You feel your power drain away!
 36497 | Dis:1    | You gaze into the crystal ball.
 36497 | Dis:1    | You are suffused with power!
 36499 | Dis:1    | You gaze into the crystal ball.
 36499 | Dis:1    | You feel your power drain away!
 36502 | Dis:1    | You gaze into the crystal ball.
 36502 | Dis:1    | You feel momentarily confused.
 36503 | Dis:1    | You gaze into the crystal ball.
 36503 | Dis:1    | You feel your power drain away!
 36540 | Dis:2    | You gaze into the crystal ball.
 36540 | Dis:2    | You are suffused with power!
 36552 | Dis:2    | You gaze into the crystal ball.
 36552 | Dis:2    | You are suffused with power!
 36556 | Dis:2    | You gaze into the crystal ball.
 36556 | Dis:2    | You are suffused with power!
 36557 | Dis:2    | You gaze into the crystal ball.
 36557 | Dis:2    | You are suffused with power!
 36558 | Dis:2    | You gaze into the crystal ball.
 36558 | Dis:2    | You are suffused with power!
 36575 | Dis:3    | You gaze into the crystal ball.
 36575 | Dis:3    | You are suffused with power!
 36576 | Dis:3    | You gaze into the crystal ball.
 36576 | Dis:3    | You are suffused with power!
 36641 | Dis:3    | You gaze into the crystal ball.
 36641 | Dis:3    | You are suffused with power!
 36667 | Dis:3    | You gaze into the crystal ball.
 36667 | Dis:3    | You are suffused with power!
 36668 | Dis:3    | You gaze into the crystal ball.
 36668 | Dis:3    | You are suffused with power!
 36669 | Dis:3    | You gaze into the crystal ball.
 36669 | Dis:3    | You are suffused with power!
 36699 | Dis:4    | You gaze into the crystal ball.
 36699 | Dis:4    | You are suffused with power!
 36730 | Dis:5    | You gaze into the crystal ball.
 36730 | Dis:5    | You are suffused with power!
 36731 | Dis:5    | You gaze into the crystal ball.
 36731 | Dis:5    | You are suffused with power!
 36771 | Dis:5    | Reached skill level 27 in Conjurations
 36776 | Dis:5    | You gaze into the crystal ball.
 36776 | Dis:5    | You feel your power drain away!
 36784 | Dis:5    | You gaze into the crystal ball.
 36784 | Dis:5    | You are suffused with power!
 36785 | Dis:5    | You gaze into the crystal ball.
 36785 | Dis:5    | You are suffused with power!
 36822 | Dis:6    | You gaze into the crystal ball.
 36822 | Dis:6    | You are suffused with power!
 36833 | Dis:6    | You gaze into the crystal ball.
 36833 | Dis:6    | You are suffused with power!
 36853 | Dis:6    | You gaze into the crystal ball.
 36853 | Dis:6    | You feel your power drain away!
 36863 | Dis:6    | You gaze into the crystal ball.
 36863 | Dis:6    | You are suffused with power!
 36864 | Dis:6    | You gaze into the crystal ball.
 36864 | Dis:6    | You feel momentarily confused.
 36868 | Dis:6    | You gaze into the crystal ball.
 36868 | Dis:6    | You are suffused with power!
 36905 | Dis:6    | You gaze into the crystal ball.
 36905 | Dis:6    | You are suffused with power!
 36906 | Dis:6    | You gaze into the crystal ball.
 36906 | Dis:6    | You are suffused with power!
 36910 | Dis:7    | Entered Level 7 of the Iron City of Dis
 36956 | Dis:7    | You gaze into the crystal ball.
 36956 | Dis:7    | You are suffused with power!
 36957 | Dis:7    | You gaze into the crystal ball.
 36957 | Dis:7    | You are suffused with power!
 36978 | Dis:7    | You gaze into the crystal ball.
 36978 | Dis:7    | You are suffused with power!
 36979 | Dis:7    | You gaze into the crystal ball.
 36979 | Dis:7    | You are suffused with power!
 36987 | Dis:7    | You gaze into the crystal ball.
 36987 | Dis:7    | You are suffused with power!
 37011 | Dis:7    | Reached skill level 5 in Charms
 37034 | Dis:7    | You gaze into the crystal ball.
 37034 | Dis:7    | You are suffused with power!
 37035 | Dis:7    | You gaze into the crystal ball.
 37035 | Dis:7    | You are suffused with power!
 37050 | Dis:7    | You gaze into the crystal ball.
 37050 | Dis:7    | You are suffused with power!
 37091 | Dis:7    | You gaze into the crystal ball.
 37091 | Dis:7    | You are suffused with power!
 37109 | Dis:7    | Got an iron rune of Zot
 37111 | Dis:7    | You gaze into the crystal ball.
 37111 | Dis:7    | You are suffused with power!
 37114 | Dis:7    | You gaze into the crystal ball.
 37114 | Dis:7    | You are suffused with power!
 37115 | Dis:7    | You gaze into the crystal ball.
 37115 | Dis:7    | You feel dopey.
 37116 | Dis:7    | You gaze into the crystal ball.
 37116 | Dis:7    | You feel your power drain away!
 37130 | Dis:7    | You gaze into the crystal ball.
 37130 | Dis:7    | You are suffused with power!
 37131 | Dis:7    | You gaze into the crystal ball.
 37131 | Dis:7    | You are suffused with power!
 37132 | Dis:7    | You gaze into the crystal ball.
 37132 | Dis:7    | You are suffused with power!
 37140 | Dis:7    | You gaze into the crystal ball.
 37140 | Dis:7    | You are suffused with power!
 37152 | Dis:7    | You gaze into the crystal ball.
 37152 | Dis:7    | You are suffused with power!
 37153 | Dis:7    | You gaze into the crystal ball.
 37153 | Dis:7    | You are suffused with power!
 37155 | Dis:7    | Noticed Dispater
 37165 | Dis:7    | Killed Dispater
 37168 | Dis:7    | You gaze into the crystal ball.
 37168 | Dis:7    | You are suffused with power!
 37169 | Dis:7    | You gaze into the crystal ball.
 37169 | Dis:7    | You are suffused with power!
 37174 | Dis:7    | Identified the cursed +1 robe of Yvvarhuh {rPois Dex+2}
                  | (You found it on level 7 of the Iron City of Dis)
 37231 | Dis:7    | Identified the Grimoire of Confrontation and Changing
 37266 | Dis:7    | You gaze into the crystal ball.
 37266 | Dis:7    | You are suffused with power!
 37338 | Dis:7    | You gaze into the crystal ball.
 37338 | Dis:7    | You feel your power drain away!
 37368 | Dis:7    | Reached skill level 10 in Charms
 37442 | Hell     | Found a gateway to the freezing wastes of Cocytus.
 37447 | Hell     | You gaze into the crystal ball.
 37447 | Hell     | You are suffused with power!
 37448 | Hell     | You gaze into the crystal ball.
 37448 | Hell     | You are suffused with power!
 37460 | Coc:1    | Entered Level 1 of Cocytus
 37470 | Coc:1    | You gaze into the crystal ball.
 37470 | Coc:1    | You are suffused with power!
 37495 | Coc:1    | You gaze into the crystal ball.
 37495 | Coc:1    | You are suffused with power!
 37496 | Coc:1    | You gaze into the crystal ball.
 37496 | Coc:1    | You are suffused with power!
 37515 | Coc:1    | You gaze into the crystal ball.
 37515 | Coc:1    | You are suffused with power!
 37600 | Coc:5    | You gaze into the crystal ball.
 37600 | Coc:5    | You are suffused with power!
 37620 | Coc:5    | You gaze into the crystal ball.
 37620 | Coc:5    | You are suffused with power!
 37632 | Coc:5    | You gaze into the crystal ball.
 37632 | Coc:5    | You feel your power drain away!
 37651 | Coc:5    | You gaze into the crystal ball.
 37651 | Coc:5    | You are suffused with power!
 37652 | Coc:5    | You gaze into the crystal ball.
 37652 | Coc:5    | You are suffused with power!
 37662 | Coc:5    | You gaze into the crystal ball.
 37662 | Coc:5    | You are suffused with power!
 37666 | Coc:5    | You gaze into the crystal ball.
 37666 | Coc:5    | You feel dopey.
 37667 | Coc:5    | You gaze into the crystal ball.
 37667 | Coc:5    | You are suffused with power!
 37686 | Coc:5    | You gaze into the crystal ball.
 37686 | Coc:5    | You are suffused with power!
 37687 | Coc:5    | You gaze into the crystal ball.
 37687 | Coc:5    | You are suffused with power!
 37701 | Coc:6    | You gaze into the crystal ball.
 37701 | Coc:6    | You are suffused with power!
 37713 | Coc:6    | You gaze into the crystal ball.
 37713 | Coc:6    | You are suffused with power!
 37745 | Coc:6    | You gaze into the crystal ball.
 37745 | Coc:6    | You are suffused with power!
 37746 | Coc:6    | You gaze into the crystal ball.
 37746 | Coc:6    | You are suffused with power!
 37747 | Coc:6    | You gaze into the crystal ball.
 37747 | Coc:6    | You are suffused with power!
 37784 | Coc:6    | You gaze into the crystal ball.
 37784 | Coc:6    | You are suffused with power!
 37786 | Coc:7    | Entered Level 7 of Cocytus
 37788 | Coc:7    | Reached skill level 27 in Evocations
 37800 | Coc:7    | You gaze into the crystal ball.
 37800 | Coc:7    | You are suffused with power!
 37801 | Coc:7    | You gaze into the crystal ball.
 37801 | Coc:7    | You are suffused with power!
 37827 | Coc:7    | Reached skill level 27 in Earth Magic
 37829 | Coc:7    | You gaze into the crystal ball.
 37829 | Coc:7    | You are suffused with power!
 37839 | Coc:7    | You gaze into the crystal ball.
 37839 | Coc:7    | You are suffused with power!
 37850 | Coc:7    | You gaze into the crystal ball.
 37850 | Coc:7    | You are suffused with power!
 37875 | Coc:7    | You gaze into the crystal ball.
 37875 | Coc:7    | You are suffused with power!
 37895 | Coc:7    | You gaze into the crystal ball.
 37895 | Coc:7    | You are suffused with power!
 37898 | Coc:7    | You gaze into the crystal ball.
 37898 | Coc:7    | You are suffused with power!
 37912 | Coc:7    | You gaze into the crystal ball.
 37912 | Coc:7    | You are suffused with power!
 37917 | Coc:7    | Noticed Antaeus
 37929 | Coc:7    | You gaze into the crystal ball.
 37929 | Coc:7    | You are suffused with power!
 37933 | Coc:7    | Noticed the Serpent of Hell
 37940 | Coc:7    | Killed the Serpent of Hell
 37941 | Coc:7    | You gaze into the crystal ball.
 37941 | Coc:7    | You are suffused with power!
 37944 | Coc:7    | Killed Antaeus
 37945 | Coc:7    | You gaze into the crystal ball.
 37945 | Coc:7    | You are suffused with power!
 37967 | Coc:7    | You gaze into the crystal ball.
 37967 | Coc:7    | You are suffused with power!
 37969 | Coc:7    | You gaze into the crystal ball.
 37969 | Coc:7    | You are suffused with power!
 37983 | Coc:7    | You gaze into the crystal ball.
 37983 | Coc:7    | You are suffused with power!
 37988 | Coc:7    | Got an icy rune of Zot
 38045 | Hell     | You gaze into the crystal ball.
 38045 | Hell     | You are suffused with power!
 38062 | Hell     | Found a gateway to the decaying netherworld of Tartarus.
 38072 | Hell     | You gaze into the crystal ball.
 38072 | Hell     | You are suffused with power!
 38074 | Tar:1    | Entered Level 1 of Tartarus
 38105 | Tar:2    | You gaze into the crystal ball.
 38105 | Tar:2    | You feel momentarily confused.
 38107 | Tar:2    | You gaze into the crystal ball.
 38107 | Tar:2    | You are suffused with power!
 38195 | Tar:2    | You gaze into the crystal ball.
 38195 | Tar:2    | You are suffused with power!
 38196 | Tar:2    | You gaze into the crystal ball.
 38196 | Tar:2    | You are suffused with power!
 38206 | Tar:2    | You gaze into the crystal ball.
 38206 | Tar:2    | You are suffused with power!
 38293 | Tar:3    | You gaze into the crystal ball.
 38293 | Tar:3    | You are suffused with power!
 38320 | Tar:3    | Reached skill level 1 in Armour
 38324 | Tar:3    | You feel dopey.
 38439 | Tar:3    | You gaze into the crystal ball.
 38439 | Tar:3    | You are suffused with power!
 38463 | Tar:4    | You gaze into the crystal ball.
 38463 | Tar:4    | You are suffused with power!
 38499 | Tar:4    | You gaze into the crystal ball.
 38499 | Tar:4    | You are suffused with power!
 38598 | Tar:5    | You gaze into the crystal ball.
 38598 | Tar:5    | You are suffused with power!
 38599 | Tar:5    | You gaze into the crystal ball.
 38599 | Tar:5    | You are suffused with power!
 38605 | Tar:5    | You gaze into the crystal ball.
 38605 | Tar:5    | You are suffused with power!
 38631 | Tar:5    | You feel dopey.
 38635 | Tar:5    | Reached skill level 5 in Armour
 38680 | Tar:7    | Entered Level 7 of Tartarus
 38696 | Tar:7    | You gaze into the crystal ball.
 38696 | Tar:7    | You are suffused with power!
 38701 | Tar:7    | Identified the +0 robe of the Cast Vote {rF+ Int+4 Dex+4}
                  | (You found it on level 7 of Tartarus)
 38711 | Tar:7    | You gaze into the crystal ball.
 38711 | Tar:7    | You are suffused with power!
 38712 | Tar:7    | You gaze into the crystal ball.
 38712 | Tar:7    | You are suffused with power!
 38725 | Tar:7    | Got a bone rune of Zot
 38729 | Tar:7    | You gaze into the crystal ball.
 38729 | Tar:7    | You are suffused with power!
 38730 | Tar:7    | You gaze into the crystal ball.
 38730 | Tar:7    | You feel your power drain away!
 38730 | Tar:7    | Noticed Ereshkigal
 38736 | Tar:7    | You gaze into the crystal ball.
 38736 | Tar:7    | You are suffused with power!
 38738 | Tar:7    | You gaze into the crystal ball.
 38738 | Tar:7    | You are suffused with power!
 38748 | Tar:7    | You gaze into the crystal ball.
 38748 | Tar:7    | You are suffused with power!
 38760 | Tar:7    | Noticed an ancient lich
 38765 | Tar:7    | Killed an ancient lich
 38767 | Tar:7    | You gaze into the crystal ball.
 38767 | Tar:7    | You are suffused with power!
 38775 | Tar:7    | You gaze into the crystal ball.
 38775 | Tar:7    | You are suffused with power!
 38790 | Tar:7    | Killed Ereshkigal
 38791 | Tar:7    | You gaze into the crystal ball.
 38791 | Tar:7    | You are suffused with power!
 38820 | Hell     | Found a gateway to the ashen valley of Gehenna.
 38832 | Hell     | You gaze into the crystal ball.
 38832 | Hell     | You are suffused with power!
 38834 | Geh:1    | Entered Level 1 of Gehenna
 38887 | Geh:1    | You gaze into the crystal ball.
 38887 | Geh:1    | You are suffused with power!
 38908 | Geh:2    | You gaze into the crystal ball.
 38908 | Geh:2    | You are suffused with power!
 38942 | Geh:2    | You gaze into the crystal ball.
 38942 | Geh:2    | You are suffused with power!
 39005 | Geh:2    | You gaze into the crystal ball.
 39005 | Geh:2    | You are suffused with power!
 39006 | Geh:2    | You gaze into the crystal ball.
 39006 | Geh:2    | You are suffused with power!
 39036 | Geh:2    | You gaze into the crystal ball.
 39036 | Geh:2    | You are suffused with power!
 39052 | Geh:3    | You gaze into the crystal ball.
 39052 | Geh:3    | You are suffused with power!
 39066 | Geh:3    | You gaze into the crystal ball.
 39066 | Geh:3    | You are suffused with power!
 39067 | Geh:3    | You gaze into the crystal ball.
 39067 | Geh:3    | You feel your power drain away!
 39110 | Geh:4    | You gaze into the crystal ball.
 39110 | Geh:4    | You are suffused with power!
 39120 | Geh:4    | You gaze into the crystal ball.
 39120 | Geh:4    | You are suffused with power!
 39129 | Geh:4    | You gaze into the crystal ball.
 39129 | Geh:4    | You feel momentarily confused.
 39232 | Geh:5    | You gaze into the crystal ball.
 39232 | Geh:5    | You are suffused with power!
 39246 | Geh:5    | You gaze into the crystal ball.
 39246 | Geh:5    | You are suffused with power!
 39258 | Geh:6    | You gaze into the crystal ball.
 39258 | Geh:6    | You are suffused with power!
 39272 | Geh:6    | You gaze into the crystal ball.
 39272 | Geh:6    | You are suffused with power!
 39303 | Geh:6    | You gaze into the crystal ball.
 39303 | Geh:6    | You are suffused with power!
 39310 | Geh:7    | Entered Level 7 of Gehenna
 39322 | Geh:7    | You gaze into the crystal ball.
 39322 | Geh:7    | You are suffused with power!
 39327 | Geh:7    | You gaze into the crystal ball.
 39327 | Geh:7    | You are suffused with power!
 39340 | Geh:7    | You gaze into the crystal ball.
 39340 | Geh:7    | You feel momentarily confused.
 39348 | Geh:7    | You gaze into the crystal ball.
 39348 | Geh:7    | You are suffused with power!
 39351 | Geh:7    | You gaze into the crystal ball.
 39351 | Geh:7    | You are suffused with power!
 39381 | Geh:7    | You gaze into the crystal ball.
 39381 | Geh:7    | You are suffused with power!
 39391 | Geh:7    | Noticed Asmodeus
 39396 | Geh:7    | You feel momentarily confused.
 39398 | Geh:7    | Killed Asmodeus
 39410 | Geh:7    | Got an obsidian rune of Zot
 39411 | Geh:7    | You gaze into the crystal ball.
 39411 | Geh:7    | You are suffused with power!
 39412 | Geh:7    | You gaze into the crystal ball.
 39412 | Geh:7    | You are suffused with power!
 39445 | Geh:7    | You gaze into the crystal ball.
 39445 | Geh:7    | You are suffused with power!
 39462 | Geh:7    | You gaze into the crystal ball.
 39462 | Geh:7    | You are suffused with power!
 39494 | Hell     | Learned a level 2 spell: Passwall
 39499 | Hell     | Learned a level 4 spell: Force Lance
 39509 | Hell     | Learned a level 8 spell: Death's Door
 39520 | Zot:1    | Entered Level 1 of the Realm of Zot
 39624 | Zot:3    | Found a shimmering altar of Xom.
 39644 | Zot:5    | Entered Level 5 of the Realm of Zot
 39680 | Zot:5    | You gaze into the crystal ball.
 39680 | Zot:5    | You are suffused with power!
 39686 | Zot:5    | Noticed an ancient lich
 39686 | Zot:5    | Noticed an orb of fire
 39688 | Zot:5    | Killed an ancient lich
 39689 | Zot:5    | Killed an orb of fire
 39689 | Zot:5    | Noticed an ancient lich
 39691 | Zot:5    | Killed an ancient lich
 39692 | Zot:5    | You gaze into the crystal ball.
 39692 | Zot:5    | You are suffused with power!
 39695 | Zot:5    | Noticed an ancient lich
 39695 | Zot:5    | Noticed an ancient lich
 39695 | Zot:5    | Noticed an orb of fire
 39696 | Zot:5    | Killed an ancient lich
 39697 | Zot:5    | Killed an ancient lich
 39698 | Zot:5    | Killed an ancient lich
 39699 | Zot:5    | Killed an orb of fire
 39700 | Zot:5    | You gaze into the crystal ball.
 39700 | Zot:5    | You are suffused with power!
 39700 | Zot:5    | Noticed an ancient lich
 39703 | Zot:5    | Killed an ancient lich
 39705 | Zot:5    | You gaze into the crystal ball.
 39705 | Zot:5    | You are suffused with power!
 39748 | Zot:5    | You gaze into the crystal ball.
 39748 | Zot:5    | You are suffused with power!
 39749 | Zot:5    | Got the Orb of Zot
 39774 | Zot:5    | Noticed an orb of fire
 39776 | Zot:5    | Noticed an ancient lich
 39778 | Zot:5    | Killed an ancient lich
 39779 | Zot:5    | Killed an orb of fire
 39797 | Zot:5    | You gaze into the crystal ball.
 39797 | Zot:5    | You are suffused with power!
 39913 | Depths:5 | You gaze into the crystal ball.
 39913 | Depths:5 | You are suffused with power!
 39987 | Depths:1 | Reached skill level 15 in Charms
 40005 | Depths:1 | You gaze into the crystal ball.
 40005 | Depths:1 | You are suffused with power!
 40006 | Depths:1 | You gaze into the crystal ball.
 40006 | Depths:1 | You are suffused with power!
 40012 | D:15     | You gaze into the crystal ball.
 40012 | D:15     | You are suffused with power!
 40022 | D:15     | You gaze into the crystal ball.
 40022 | D:15     | You are suffused with power!
 40072 | D:13     | Noticed Heytah the pandemonium lord
 40077 | D:13     | Killed Heytah the pandemonium lord
 40078 | D:13     | You gaze into the crystal ball.
 40078 | D:13     | You are suffused with power!
 40079 | D:13     | You gaze into the crystal ball.
 40079 | D:13     | You are suffused with power!
 40165 | D:10     | Noticed Seawyit the pandemonium lord
 40246 | D:6      | Noticed Kanut the pandemonium lord
 40249 | D:6      | Killed Kanut the pandemonium lord
 40254 | D:6      | You gaze into the crystal ball.
 40254 | D:6      | You are suffused with power!
 40268 | D:5      | Noticed Moder the pandemonium lord
 40273 | D:5      | Killed Moder the pandemonium lord
 40275 | D:5      | You gaze into the crystal ball.
 40275 | D:5      | You feel dopey.
 40276 | D:5      | You gaze into the crystal ball.
 40276 | D:5      | You are suffused with power!
 40277 | D:5      | You gaze into the crystal ball.
 40277 | D:5      | You are suffused with power!
 40297 | D:5      | Noticed Oczai the pandemonium lord
 40360 | D:$      | Escaped with the Orb!

Vault maps used:
D:1:      lemuel_arrival_rhombus, grunt_decor_one_mirror
D:2:      nicolae_overflow_hidden_temple, uniq_natasha
D:3:      gammafunk_ghost_grave, minmay_misc_feat_alley, minmay_goblin_outpost,
          uniq_grinder, uniq_sigmund
D:4:      kennysheep_mini
D:5:      first_ration, serial_shops, kennysheep_mini_moat,
          ebering_ghost_reflecting_pool, minmay_misc_feat_hallway,
          kennysheep_dice
D:6:      lemuel_crystal_altar, solitary_fountain,
          nicolae_ru_the_path_less_chosen
D:7:      grunt_temple_overflow_magic_moments, nicolae_overflow_crystal_walls,
          chequers_temple_overflow_statue_of_worship,
          minmay_temple_entry_statues_pillars, serial_shops, shop
D:8:      cheibrodos_barr_body, david_nohive_1, uniq_pikel
D:9:      lemuel_round_altar
D:10:     erik_lair_island
D:11:     david_orc_4, hangedman_tell_no_tales, uniq_psyche
D:13:     david_vaults_5
D:14:     nicolae_dithmenos_shadow_blocks, uniq_snorg, uniq_rupert
D:15:     hangedman_depths_entry_try_elsewhere_first, chequers_big_river
Temple:   nicolae_temple_x_marks_the_god
Lair:2:   elwin_shoals_entry_rooms, nicolae_quartered_pool_medium,
          beast_lair_carwin_5
Lair:3:   grunt_forest_large_clearings
Lair:4:   dummy_spider_entry, small_statue_intersection
Lair:5:   slime_dummy
Lair:6:   guppyfry_lair_end_dragon, hangedman_lair_in_review, st_stairs_11
Shoals:1: serial_shops, shop
Shoals:2: hangedman_shoals_cup_caves
Shoals:3: serial_shops, shop, nicolae_shop_crystal, shop, shop, shop,
          st_shoals_ruin, uniq_ilsuiw
Shoals:4: shoals_end_grunt_ice, shoals_ilsuiw_ice, portal_ice_cave_entry_dragon,
          nicolae_shoals_drake_roost
Spider:2: zaba_anthell, uniq_arachne
Spider:3: nicolae_spider_nook
Spider:4: grunt_spider_rune_island, nicolae_spider_shape
Slime:3:  nicolae_slime_jelly_donut
Slime:4:  cheibrodos_slime_lost_civilization_9
Orc:1:    uniq_harold, uniq_sonja, uniq_josephine, uniq_urug
Orc:2:    st_orc_congregation, serial_shops, nicolae_shop_statue_plus,
          lemuel_statue_altar
Elf:1:    minmay_the_grid_4x2, minmay_elf_crystal_hexagon
Elf:2:    special_room, serial_sigils_hangedman_clutch,
          minmay_misc_feat_diagonals, lemuel_elevator
Elf:3:    minmay_elf_hall, special_room, basic_altar, serial_shops, shop
Vaults:1: st_squares, grunt_vaults_funnel, nicolae_vaults_little_squares_6,
          v_misc_11, hangedman_vaults_corner_blocks, vaults_room_fours,
          grunt_vaults_focal, vaults_dpeg_encased_lava, uniq_asterion
Vaults:2: vaults_room_fours, v_pattern_3, vaults_room_stairs_pillars, v_misc_5,
          v_misc_25, v_rooms_5, nicolae_vaults_network_barrier,
          vaults_mumra_hex, v_misc_22, ontoclasm_vaults_hangar,
          nicolae_vaults_meeting, nicolae_vaults_little_squares_6, serial_shops,
          nicolae_shop_waterfront, uniq_boris, uniq_nikola
Vaults:3: minmay_crypt_entry_skeletal_spiral, v_alt_pattern_4,
          nicolae_vaults_shelves_hall, hangedman_vaults_pinch, v_misc_9,
          nicolae_vaults_gold_heap, hangedman_vaults_river_flow,
          ontoclasm_vaults_pinch, serial_shops, bzr_entry_dummy, uniq_mennas,
          uniq_mara
Vaults:4: gammafunk_vaults_ghost_necromancy, st_lattice, nicolae_vaults_theta,
          ontoclasm_vaults_ring_square, hangedman_vaults_unwind, v_rooms_3,
          hangedman_vaults_trim, dpeg_vaults_monster_box,
          hangedman_vaults_stagger
Crypt:1:  minmay_misc_feat_five, nicolae_crypt_small_crypt,
          small_chamber_with_monster, roderic_lattice_octagonal_star
Crypt:2:  st_stairs_6, uniq_margery, uniq_xtahua, uniq_khufu
Crypt:3:  quadcrypt_mu
Depths:1: kennysheep_green_arena, enter_ziggurat_a, hellmouth_1,
          bh_walls_and_bars, kennysheep_generic_room_2, uniq_sojobo
Depths:2: kennysheep_ambush_hall, serial_shops, nicolae_shop_stone,
          grunt_hell_entry_dis_mu, minmay_shop_star, serial_bayou_shore_a,
          infiniplex_staircase_river, uniq_saint_roka
Depths:3: kennysheep_big_flooded_room, minmay_misc_feat_rows,
          rand_demon_pan_entry_8, hell_entry, serial_bayou_shore_b,
          infiniplex_staircase_zigzag_5
Depths:4: evilmike_halls_of_destruction, hell_entry, wad_floor_pattern_1,
          serial_shops, shop, grunt_pan_entry_in_and_out, abyss_entry,
          mu_enter_wizlab_6, special_room
Depths:5: evilmike_zot_entry_hall, pan_entry, abyss_entry,
          minmay_misc_feat_doors, special_room, hell_entry
Dis:2:    hangedman_dis_chains, grunt_megastairs_2
Dis:6:    hangedman_dis_decor_blocks_talon
Dis:7:    dis_hangedman
Geh:1:    lemuel_hellish_altar
Geh:6:    lemuel_elevator
Geh:7:    geh_hangedman
Coc:7:    coc_mu
Tar:4:    hangedman_damned_closets
Tar:5:    nicolae_tar_cuneiform_water
Tar:7:    tar_old
Zot:3:    gammafunk_mikee_crab_dinner, hangedman_feature_mirror
Zot:4:    nicolae_transmutations_shop
Zot:5:    door_vault
Abyss:3:  hangedman_stitches_earthworm
Abyss:4:  nicolae_abyss_rune_star_stuff
Abyss:5:  evilmike_nicolae_abyss_rune_containment_curve,
          gammafunk_abyss_exit_x_factor
Pan:      evilmike_mini_pan_pillars_b, nicolae_pan_gloorx_vloqian_4,
          nicolae_pan_double_arrow, pan_blood_fountain, evilmike_mnoleg_eyes,
          nicolae_pan_hourglass, pan_blood_fountain_small, pan_blood_fountain_2,
          rand_demon_4, rand_demon_9, pan_blood_fountain_small,
          nicolae_pan_sigil_itan, nicolae_pan_glass_arcs,
          nicolae_pan_lom_lobonic_4, evilmike_mini_pan_V, evilmike_holy_pan,
          rand_demon_7, evilmike_mini_pan_doors, cerebov_grunt,
          nicolae_pan_gloorx_vloqian_3, grunt_pan_pentagram,
          lom_lobon_grunt_wind_tunnels, gloorx_vloq, grunt_pan_sceptre,
          nicolae_pan_lom_lobonic_3, nicolae_pan_double_arrow,
          evilmike_mini_pan_doors_b, nicolae_pan_sigil_obb,
          nicolae_pan_lom_lobonic_2, reaverb_pan_squares, pan_surprise,
          evilmike_mini_pan_other_thingy, pan_blood_fountain, grunt_pan_zigzag,
          nicolae_pan_diamonds, rand_demon_3, nicolae_pan_lom_lobonic_3
Zig:6:    ziggurat_pillar_centre_dead_trees
Zig:7:    ziggurat_pillar_centre_oklobs
Zig:20:   ziggurat_pillar_centre_c
Zig:21:   ziggurat_pillar_centre_smoke
Zig:25:   ziggurat_pillar_centre_more_plants
Bazaar:   bazaar_kb_twisted_cavern
IceCv:    ice_cave_tombish
WizLab:   wizlab_iskenderun

Skill      XL: |  1  2  3  4  5  6  7  8  9 10 11 12 13 14 15 16 17 18 19 20 21 22 23 24 25 26 27 |
---------------+----------------------------------------------------------------------------------+-----
Conjurations   | 2 3 4 5 7 9 10 12 14 16 18 20 21 22 27 | 27.0
Spellcasting   | 4 5 6 8 9 10 12 14 15 17 19 21 22 23 27 | 27.0
Fire Magic     | 4 5 6 7 8 11 15 19 20 | 20.0
Fighting       | 1 3 4 5 7 8 9 10 23 | 23.4
Dodging        | 3 5 7 8 9 11 15 16 24 | 24.0
Shields        | 3 4 15 | 15.0
Earth Magic    | 11 17 20 21 22 27 | 27.0
Necromancy     | 5 6 7 22 | 22.0
Charms         | 3 15 | 15.0
Summonings     | 10 14 15 | 15.1
Evocations     | 5 13 14 27 | 27.0
Transmutations | 3 5 17 | 17.0
Ice Magic      | 20 | 20.0
Translocations | 5 |  5.0
Armour         | 8 |  8.6
Stealth        | |  2.4

Action                   |  1- 3 |  4- 6 |  7- 9 | 10-12 | 13-15 | 16-18 | 19-21 | 22-24 | 25-27 || total
-------------------------+-------+-------+-------+-------+-------+-------+-------+-------+-------++-------
Melee: Dagger            |       |    15 |    40 |       |       |       |       |       |       ||    55
       Rapier            |       |       |     9 |    70 |    30 |       |       |       |       ||   109
       Staff             |       |       |       |       |       |     8 |       |       |     1 ||     9
Throw: Javelin           |       |     1 |     7 |    10 |       |       |       |       |       ||    18
       Throwing net      |       |       |       |       |       |     2 |       |       |       ||     2
 Cast: Flame Tongue      |    40 |   109 |    76 |   119 |   319 |   120 |       |       |       ||   783
       Conjure Flame     |       |     3 |    11 |    18 |       |       |       |       |       ||    32
       Sticky Flame      |       |     2 |     8 |    55 |    48 |    37 |     1 |       |       ||   151
       Fireball          |       |       |    14 |   132 |   261 |   309 |    68 |     2 |       ||   786
       Iskenderun's Batt |       |       |       |       |    88 |    39 |       |       |       ||   127
       Apportation       |       |       |       |       |    21 |    42 |    93 |    59 |   475 ||   690
       Spellforged Servi |       |       |       |       |     2 |    17 |       |       |       ||    19
       Orb of Destructio |       |       |       |       |     2 |    13 |     5 |     5 |     1 ||    26
       Iron Shot         |       |       |       |       |     1 |    21 |    49 |    27 |       ||    98
       Animate Skeleton  |       |       |       |       |       |    19 |    11 |    14 |       ||    44
       Regeneration      |       |       |       |       |       |    21 |    18 |    27 |    27 ||    93
       Bolt of Fire      |       |       |       |       |       |   115 |    37 |     9 |       ||   161
       Fire Storm        |       |       |       |       |       |     8 |   136 |   175 |   549 ||   868
       Sublimation of Bl |       |       |       |       |       |       |    47 |    98 |    88 ||   233
       Deflect Missiles  |       |       |       |       |       |       |     2 |     2 |     5 ||     9
       Shatter           |       |       |       |       |       |       |       |    33 |   642 ||   675
       Lehudib's Crystal |       |       |       |       |       |       |       |    12 |   308 ||   320
       Statue Form       |       |       |       |       |       |       |       |     1 |       ||     1
       Glaciate          |       |       |       |       |       |       |       |       |   132 ||   132
       Passage of Golubr |       |       |       |       |       |       |       |       |    79 ||    79
       Necromutation     |       |       |       |       |       |       |       |       |    73 ||    73
       Passwall          |       |       |       |       |       |       |       |       |    15 ||    15
       Aura of Abjuratio |       |       |       |       |       |       |       |       |     9 ||     9
       Blink             |       |       |       |       |       |       |       |       |     5 ||     5
 Abil: End Transformatio |       |       |       |       |       |       |       |       |    24 ||    24
Evoke: Phial of floods   |       |       |       |     2 |     3 |     2 |     1 |       |       ||     8
       Wand              |       |       |       |    34 |    66 |    48 |    12 |    13 |    21 ||   194
       Lamp of fire      |       |       |       |       |       |       |     1 |       |       ||     1
       Staff of energy   |       |       |       |       |       |       |       |    13 |    68 ||    81
       Crystal ball of e |       |       |       |       |       |       |       |       |   300 ||   300
       Lightning rod     |       |       |       |       |       |       |       |       |     9 ||     9
       Staff of Dispater |       |       |       |       |       |       |       |       |     7 ||     7
       Horn of Geryon    |       |       |       |       |       |       |       |       |     1 ||     1
  Use: Scroll            |       |       |       |    17 |    20 |    19 |    16 |    15 |    55 ||   142
       Potion            |       |       |       |       |       |    24 |     5 |     2 |    33 ||    64
 Stab: Distracted        |       |     1 |       |       |       |       |       |       |       ||     1
       Sleeping          |       |       |       |     1 |       |       |       |       |       ||     1
       Paralysed         |       |       |       |       |       |     5 |       |       |       ||     5
  Eat: Chunk             |       |     5 |     5 |    17 |    29 |    10 |    25 |    27 |     1 ||   119
       Ration            |       |       |     1 |     2 |       |     4 |     2 |     1 |     8 ||    18
Armor: Robe              |     3 |     7 |     7 |     9 |     4 |     9 |     2 |       |    20 ||    61
       Troll leather arm |       |       |       |    13 |    11 |    68 |     2 |     3 |       ||    97
       Skin              |       |       |       |       |       |       |       |     3 |       ||     3
Dodge: Dodged            |     7 |    25 |    55 |   124 |    88 |   178 |    36 |    23 |   236 ||   772
       Deflected         |       |       |       |       |     7 |    21 |     8 |     7 |    35 ||    78
Block: Buckler           |       |       |       |    15 |    42 |    84 |    13 |    10 |    37 ||   201
       Shield            |       |       |       |       |       |       |       |       |   267 ||   267

Table legend:
 A = Non-vault XP
 B = Vault XP
 C = Vault XP percentage of total XP
 D = Non-vault monster count
 E = Vault monster count
 F = Vault count percentage of total count
                 A         B        C        D         E       F
            +---------+---------+-------+---------+---------+-------
      Total | 2486727 | 1694873 |  40.5 |    3733 |    1590 |  29.9
            +---------+---------+-------+---------+---------+-------
        D:1 |      16 |       0 |   0.0 |       8 |       0 |   0.0
        D:2 |      90 |      37 |  29.1 |      15 |       1 |   6.2
        D:3 |      92 |       0 |   0.0 |      25 |       0 |   0.0
        D:4 |     126 |       0 |   0.0 |      11 |       0 |   0.0
        D:5 |     174 |      18 |   9.4 |       6 |       1 |  14.3
        D:6 |     543 |       0 |   0.0 |      13 |       0 |   0.0
        D:7 |    1027 |       0 |   0.0 |      19 |       0 |   0.0
        D:8 |     241 |     593 |  71.1 |       6 |       1 |  14.3
        D:9 |    3020 |       0 |   0.0 |      25 |       0 |   0.0
       D:10 |    2597 |     877 |  25.2 |      11 |       9 |  45.0
       D:11 |    1640 |    2348 |  58.9 |      22 |      24 |  52.2
       D:12 |    5090 |       0 |   0.0 |      35 |       0 |   0.0
       D:13 |    9596 |    2143 |  18.3 |      34 |       2 |   5.6
       D:14 |    6997 |    2864 |  29.0 |      17 |       1 |   5.6
       D:15 |    2574 |    3019 |  54.0 |      17 |       4 |  19.0
     Lair:1 |    3164 |       0 |   0.0 |      11 |       0 |   0.0
     Lair:2 |    1319 |    2021 |  60.5 |       7 |       7 |  50.0
     Lair:3 |    2899 |    2452 |  45.8 |      16 |      21 |  56.8
     Lair:4 |    1710 |       0 |   0.0 |      10 |       0 |   0.0
     Lair:5 |    5751 |       0 |   0.0 |      24 |       0 |   0.0
     Lair:6 |   14277 |   15791 |  52.5 |      43 |      38 |  46.9
   Shoals:1 |    3188 |       0 |   0.0 |       4 |       0 |   0.0
   Shoals:2 |   19591 |    6310 |  24.4 |      39 |      11 |  22.0
   Shoals:3 |    6740 |   10146 |  60.1 |      12 |      14 |  53.8
   Shoals:4 |   15047 |   18632 |  55.3 |      39 |      38 |  49.4
   Spider:1 |   16838 |       0 |   0.0 |      59 |       0 |   0.0
   Spider:2 |    8490 |   10201 |  54.6 |      29 |      44 |  60.3
   Spider:3 |   15959 |    6631 |  29.4 |      45 |      14 |  23.7
   Spider:4 |   11811 |   25256 |  68.1 |      29 |      46 |  61.3
    Slime:1 |   12394 |       0 |   0.0 |      25 |       0 |   0.0
    Slime:2 |   16485 |       0 |   0.0 |      32 |       0 |   0.0
    Slime:3 |    6107 |     384 |   5.9 |       6 |       9 |  60.0
    Slime:4 |   19242 |       0 |   0.0 |      41 |       0 |   0.0
    Slime:5 |   22414 |   27338 |  54.9 |      28 |      10 |  26.3
      Orc:1 |    9549 |    4799 |  33.4 |      52 |       9 |  14.8
      Orc:2 |    2993 |   11909 |  79.9 |      33 |      63 |  65.6
      Elf:1 |   21861 |   19220 |  46.8 |      36 |      32 |  47.1
      Elf:2 |    9181 |     200 |   2.1 |      17 |       1 |   5.6
      Elf:3 |   10289 |   38469 |  78.9 |      15 |      22 |  59.5
   Vaults:1 |   16207 |    2972 |  15.5 |      29 |       1 |   3.3
   Vaults:2 |   26456 |   32619 |  55.2 |      41 |      36 |  46.8
   Vaults:3 |    7810 |   18139 |  69.9 |      16 |      26 |  61.9
   Vaults:4 |   24524 |    8066 |  24.7 |      53 |       9 |  14.5
   Vaults:5 |   40410 |  138913 |  77.5 |      45 |      92 |  67.2
    Crypt:1 |   27155 |    2974 |   9.9 |      34 |       1 |   2.9
    Crypt:2 |    5135 |    2537 |  33.1 |      12 |       2 |  14.3
    Crypt:3 |       0 |   57244 | 100.0 |       0 |      54 | 100.0
     Tomb:1 |     690 |   53392 |  98.7 |       3 |      27 |  90.0
     Tomb:2 |   10658 |   44861 |  80.8 |      42 |      42 |  50.0
     Tomb:3 |   17866 |   90008 |  83.4 |      41 |      71 |  63.4
   Depths:1 |   49526 |   32326 |  39.5 |      78 |      26 |  25.0
   Depths:2 |   66464 |   12805 |  16.2 |      69 |      23 |  25.0
   Depths:3 |   49092 |   10806 |  18.0 |      60 |       9 |  13.0
   Depths:4 |   37227 |   52150 |  58.3 |      36 |      60 |  62.5
   Depths:5 |   89049 |   54448 |  37.9 |      61 |      37 |  37.8
       Hell |   31573 |   29492 |  48.3 |      51 |      49 |  49.0
      Dis:1 |   21591 |       0 |   0.0 |      48 |       0 |   0.0
      Dis:2 |   14456 |    1160 |   7.4 |      33 |       4 |  10.8
      Dis:3 |   14471 |       0 |   0.0 |      32 |       0 |   0.0
      Dis:4 |   11757 |       0 |   0.0 |      24 |       0 |   0.0
      Dis:5 |    2500 |       0 |   0.0 |       7 |       0 |   0.0
      Dis:6 |   27566 |       0 |   0.0 |      31 |       0 |   0.0
      Dis:7 |   13885 |  144164 |  91.2 |      18 |     114 |  86.4
      Geh:1 |    6963 |       0 |   0.0 |      21 |       0 |   0.0
      Geh:2 |    7660 |       0 |   0.0 |      33 |       0 |   0.0
      Geh:3 |   12220 |       0 |   0.0 |      21 |       0 |   0.0
      Geh:4 |   27200 |       0 |   0.0 |      38 |       0 |   0.0
      Geh:5 |   20476 |       0 |   0.0 |      41 |       0 |   0.0
      Geh:6 |   16950 |       0 |   0.0 |      47 |       0 |   0.0
      Geh:7 |   16622 |   44389 |  72.8 |      24 |      34 |  58.6
      Coc:1 |    7164 |       0 |   0.0 |      23 |       0 |   0.0
      Coc:2 |    1352 |       0 |   0.0 |       5 |       0 |   0.0
      Coc:3 |    5310 |       0 |   0.0 |      14 |       0 |   0.0
      Coc:4 |    6329 |       0 |   0.0 |      14 |       0 |   0.0
      Coc:5 |   13949 |       0 |   0.0 |      33 |       0 |   0.0
      Coc:6 |   70161 |       0 |   0.0 |      67 |       0 |   0.0
      Coc:7 |   60431 |   70281 |  53.8 |      55 |      66 |  54.5
      Tar:1 |    3153 |       0 |   0.0 |       2 |       0 |   0.0
      Tar:2 |   23987 |       0 |   0.0 |      25 |       0 |   0.0
      Tar:3 |   62948 |       0 |   0.0 |      85 |       0 |   0.0
      Tar:4 |    1845 |   14508 |  88.7 |      11 |      21 |  65.6
      Tar:5 |   20530 |       0 |   0.0 |      28 |       0 |   0.0
      Tar:6 |   19689 |       0 |   0.0 |      20 |       0 |   0.0
      Tar:7 |   15599 |   56174 |  78.3 |      24 |      28 |  53.8
      Zot:1 |   29586 |       0 |   0.0 |      20 |       0 |   0.0
      Zot:2 |   11465 |       0 |   0.0 |       3 |       0 |   0.0
      Zot:3 |       0 |    1756 | 100.0 |       0 |       1 | 100.0
      Zot:5 |    6408 |  130312 |  95.3 |       4 |      27 |  87.1
    Abyss:1 |    2112 |       0 |   0.0 |       5 |       0 |   0.0
    Abyss:2 |    7900 |       0 |   0.0 |      16 |       0 |   0.0
    Abyss:4 |    2588 |    6266 |  70.8 |       8 |       6 |  42.9
    Abyss:5 |   19376 |   13356 |  40.8 |      28 |      15 |  34.9
        Pan |  171440 |  318147 |  65.0 |     192 |     224 |  53.8
      Zig:1 |    1136 |       0 |   0.0 |       2 |       0 |   0.0
      Zig:2 |    1695 |       0 |   0.0 |       3 |       0 |   0.0
      Zig:3 |    3054 |       0 |   0.0 |       4 |       0 |   0.0
      Zig:4 |    5759 |       0 |   0.0 |       4 |       0 |   0.0
      Zig:5 |    7045 |       0 |   0.0 |       5 |       0 |   0.0
      Zig:6 |    7262 |       0 |   0.0 |       7 |       0 |   0.0
      Zig:7 |   10869 |    3404 |  23.8 |       8 |       6 |  42.9
      Zig:8 |   14293 |       0 |   0.0 |      12 |       0 |   0.0
      Zig:9 |   11500 |     707 |   5.8 |      17 |       1 |   5.6
     Zig:10 |   16668 |       0 |   0.0 |      17 |       0 |   0.0
     Zig:11 |   25189 |       0 |   0.0 |      16 |       0 |   0.0
     Zig:12 |   22929 |       0 |   0.0 |      30 |       0 |   0.0
     Zig:13 |   20757 |       0 |   0.0 |      26 |       0 |   0.0
     Zig:14 |   33128 |       0 |   0.0 |      21 |       0 |   0.0
     Zig:15 |   21773 |       0 |   0.0 |      41 |       0 |   0.0
     Zig:16 |   35749 |       0 |   0.0 |      40 |       0 |   0.0
     Zig:17 |   28051 |       0 |   0.0 |      45 |       0 |   0.0
     Zig:18 |   33041 |       0 |   0.0 |      48 |       0 |   0.0
     Zig:19 |   55023 |       0 |   0.0 |      41 |       0 |   0.0
     Zig:20 |   79923 |     388 |   0.5 |      72 |       1 |   1.4
     Zig:21 |   44754 |       0 |   0.0 |      84 |       0 |   0.0
     Zig:22 |   64732 |       0 |   0.0 |      65 |       0 |   0.0
     Zig:23 |   49675 |       0 |   0.0 |      66 |       0 |   0.0
     Zig:24 |   74978 |       0 |   0.0 |      81 |       0 |   0.0
     Zig:25 |   88199 |       0 |   0.0 |      67 |       0 |   0.0
     Zig:26 |   87437 |       0 |   0.0 |      88 |       0 |   0.0
     Zig:27 |   73505 |       0 |   0.0 |     136 |       0 |   0.0
      IceCv |       0 |   10834 | 100.0 |       0 |      28 | 100.0
     WizLab |       0 |   23617 | 100.0 |       0 |      27 | 100.0
            +---------+---------+-------+---------+---------+-------
